 Dungeon Crawl Stone Soup version 0.31-a0-596-g831eee08f1 (webtiles) character file.

Game seed: 4462971362059766549

1961068 MackTheKnife the Ruinous (level 27, 179/179 HPs)
             Began as a Gargoyle Fire Elementalist on Aug 17, 2023.
             Was an Elder of Sif Muna.
             Escaped with the Orb
             ... and 4 runes on Aug 20, 2023!
             The game lasted 03:41:25 (92500 turns).

MackTheKnife the Ruinous (GrFE)                    Turns: 92500, Time: 03:41:25

Health: 179/179    AC: 47    Str: 12      XL:     27
Magic:  42/47      EV: 16    Int: 29      God:    Sif Muna [****..]
Gold:   5060       SH: 15    Dex: 18 (19) Spells: 10/66 levels left

rFire   + + .        S - +5 whip of Xunguhec {spect, rC+ Int+3 Dex+3, mace}
rCold   + + +        U - +3 buckler {rN+}
rNeg    + + .        y - +1 ring mail "Hukul" {rElec rF++ Slay+5}
rPois   ∞            F - +2 helmet {SInv}
rElec   +            x - +2 cloak {Will+}
rCorr   +            H - +2 pair of gloves
SInv    +            X - +2 pair of boots {Stlth+}
Will    +++++        Y - amulet "Hageqyog" {Reflect rElec rC++ Str-4 SH+5 Stlth-}
Stlth   +            N - ring "Mocicros" {Will++ rCorr Str+5 Int-3}
HPRegen 0.49/turn    a - ring of Peace {rElec rC++ Int+6}
MPRegen 0.30/turn

%: reflection
@: flying
A: sickness immunity, AC +20, big wings, negative energy resistance 1,
electricity resistance, torment resistance 1, petrification resistance,
iridescent scales 2, deterioration 1, weak 1
0: Orb of Zot
}: 4/15 runes: decaying, slimy, silver, gossamer
a: Renounce Religion, Channel Magic, Forget Spell, Divine Exegesis


You escaped.
You worshipped Sif Muna.
Sif Muna was greatly pleased with you.
You visited 12 branches of the dungeon, and saw 54 of its levels.
You also visited: Gauntlet and Desolation.

You collected 7433 gold pieces.
You spent 2373 gold pieces at shops.


Innate Abilities, Weirdness & Mutations

You are immune to sickness and miasma.
Your stone body is resilient. (AC +20)
You are immune to poison.
Your large and strong wings let you fly.
You resist negative energy. (rN+)
You are resistant to electric shocks. (rElec)
You are resistant to unholy torment.
You are immune to petrification.
You are mostly covered in iridescent scales. (AC +4)
Your body sometimes deteriorates upon taking damage.
You are weak. (Str -2)


   Skills:
 - Level 20.0 Fighting
 - Level 14.0 Staves
 - Level 12.0 Armour
 - Level 10.0 Dodging
 - Level 6.0 Stealth
 - Level 10.0 Shields
 - Level 20.0 Spellcasting
 + Level 21.0 Conjurations
 - Level 6.0 Hexes
 - Level 19.0 Summonings
 - Level 14.0 Translocations
 - Level 6.0 Transmutations
 - Level 6.0 Fire Magic
 - Level 14.0 Invocations
 - Level 6.0 Evocations


You had 10 spell levels left.
You knew the following spells:

 Your Spells              Type           Power      Damage    Failure   Level
a - Irradiate             Conj/Tmut      41%        3d25      1%          5
c - Yara's Violent Unrav  Hex/Tmut       29%        3d12      8%          5
d - Monstrous Menagerie   Summ           47%        N/A       1%          7
e - Passage of Golubria   Tloc           83%        N/A       1%          4
f - Orb of Destruction    Conj           50%        9d13      1%          7
g - Spellforged Servitor  Conj/Summ      49%        N/A       1%          7
h - Summon Horrible Thin  Summ           47%        N/A       9%          8
i - Malign Gateway        Summ/Tloc      45%        N/A       3%          7
j - Dispersal             Tloc           41%        N/A       1%          6

Your spell library contained the following spells:

 Spells                   Type           Power      Damage    Failure   Level
 Apportation              Tloc           100%       N/A       0%          1
 Foxfire                  Conj/Fire      100%       2x1d9     0%          1
 Magic Dart               Conj           100%       1d8       0%          1
 Summon Small Mammal      Summ           100%       N/A       0%          1
 Blink                    Tloc           100%       N/A       0%          2
 Call Imp                 Summ           100%       N/A       0%          2
 Lesser Beckoning         Tloc           100%       N/A       0%          2
 Momentum Strike          Conj/Tloc      100%       3d10      0%          2
 Searing Ray              Conj           100%       2d8       0%          2
 Call Canine Familiar     Summ           95%        N/A       0%          3
 Iskenderun's Battlesphe  Conj           100%       2d15      0%          5
 Kiss of Death            Conj/Necr      100%       2d13      1%          1
 Shock                    Conj/Air       100%       1d9       1%          1
 Sting                    Tmut/Pois      100%       1d8       1%          1
 Ensorcelled Hibernation  Hex/Ice        92%        N/A       1%          2
 Passwall                 Tmut/Erth      38%        N/A       1%          2
 Scorch                   Fire           100%       2d9       1%          2
 Static Discharge         Conj/Air       100%       2-7/arc   1%          2
 Confusing Touch          Hex            59%        N/A       1%          3
 Dazzling Flash           Conj/Hex       100%       N/A       1%          3
 Gell's Gravitas          Tloc           83%        N/A       1%          3
 Hailstorm                Conj/Ice       74%        3d15      1%          3
 Ignite Poison            Fire/Tmut/Pois 51%        N/A       1%          3
 Inner Flame              Hex/Fire       59%        N/A       1%          3
 Mephitic Cloud           Conj/Pois/Air  62%        N/A       1%          3
 Portal Projectile        Hex/Tloc       100%       N/A       1%          3
 Stone Arrow              Conj/Erth      100%       3d13      1%          3
 Summon Guardian Golem    Hex/Summ       79%        N/A       1%          3
 Teleport Other           Tloc           83%        N/A       1%          3
 Tukima's Dance           Hex            59%        N/A       1%          3
 Vhi's Electric Charge    Tloc/Air       100%       N/A       1%          3
 Volatile Blastmotes      Fire/Tloc      100%       2d18      1%          3
 Animate Armour           Summ/Erth      100%       N/A       1%          4
 Flame Wave               Conj/Fire      82%        2d18      1%          4
 Fulminant Prism          Conj/Hex       41%        3d19      1%          4
 Iskenderun's Mystic Bla  Conj/Tloc      92%        2d18      1%          4
 Manifold Assault         Tloc           83%        N/A       1%          4
 Sticky Flame             Conj/Fire      82%        2d9       1%          4
 Summon Ice Beast         Ice/Summ       71%        N/A       1%          4
 Summon Lightning Spire   Summ/Air       71%        N/A       1%          4
 Arcjolt                  Conj/Air       37%        1d47      1%          5
 Fireball                 Conj/Fire      41%        3d17      1%          5
 Summon Forest            Summ/Tloc      45%        N/A       1%          5
 Summon Mana Viper        Hex/Summ       79%        N/A       1%          5
 Starburst                Conj/Fire      41%        6d12      1%          6
 Summon Cactus Giant      Summ           47%        N/A       1%          6
 Summon Hydra             Summ           47%        N/A       1%          7
 Cause Fear               Hex            29%        N/A       2%          4
 Freeze                   Ice            100%       1d10      3%          1
 Necrotise                Necr           100%       1d9       3%          1
 Sandblast                Erth           58%        2d13      3%          1
 Poisonous Vapours        Pois/Air       58%        N/A       4%          2
 Freezing Cloud           Conj/Ice/Air   31%        6-21      4%          5
 Conjure Ball Lightning   Conj/Air       37%        3x3d12    6%          6
 Leda's Unmaking          Conj/Erth      37%        9d6       6%          6
 Anguish                  Hex/Necr       23%        N/A       9%          4
 Leda's Liquefaction      Hex/Erth       23%        N/A       9%          4
 Petrify                  Tmut/Erth      46%        N/A       9%          4
 Frozen Ramparts          Ice            58%        1d9       10%         3
 Swiftness                Air            29%        N/A       10%         3
 Vampiric Draining        Necr           29%        2d8       10%         3
 Alistair's Intoxication  Tmut/Pois      30%        N/A       26%         5
 Metabolic Englaciation   Hex/Ice        23%        N/A       26%         5
 Silence                  Hex/Air        23%        N/A       26%         5
 Airstrike                Air            14%        2d(3-19)  30%         4
 Animate Dead             Necr           29%        N/A       30%         4
 Dispel Undead            Necr           29%        3d13      30%         4
 Olgreb's Toxic Radiance  Pois           29%        N/A       30%         4
 Haunt                    Necr/Summ      35%        N/A       47%         7
 Disjunction              Tloc           41%        N/A       54%         8
 Agony                    Necr           29%        N/A       65%         5
 Borgnjor's Vile Clutch   Necr/Erth      14%        N/A       65%         5
 Lee's Rapid Deconstruct  Erth           14%        3d9*      65%         5
 Dragon's Call            Summ           47%        N/A       78%         9
 Eringya's Noxious Bog    Tmut/Pois      23%        4d6       80%         6
 Plasma Beam              Fire/Air       23%        2x1d35    80%         6
 Enfeeble                 Hex            29%        N/A       92%         7
 Lehudib's Crystal Spear  Conj/Erth      37%        10d9      95%         8
 Death Channel            Necr           14%        N/A       99%         6
 Simulacrum               Ice/Necr       14%        N/A       99%         6
 Borgnjor's Revivificati  Necr           14%        N/A       100%        8
 Ignition                 Fire           29%        3d9       100%        8
 Infestation              Necr           14%        N/A       100%        8
 Maxwell's Capacitive Co  Air            14%        ∞         100%        8
 Chain Lightning          Conj/Air       37%        3d49      100%        9
 Death's Door             Necr           14%        N/A       100%        9
 Fire Storm               Conj/Fire      41%        8d10      100%        9
 Polar Vortex             Ice            14%        12d1*     100%        9
 Cigotuvi's Dreadful Rot  Necr/Pois/Air  Unusable   N/A       N/A         2

Inventory:

Hand Weapons
 e - the +9 quarterstaff of Classification {freeze, rN+ Str+9 Dex-2, staff}
   (You took it off an orc on level 5 of the Dungeon)

   Str+9:     It affects your strength (+9).
   Dex-2:     It affects your dexterity (-2).
   rN+:       It protects you from negative energy.
 E - a +0 executioner's axe {axerare=g}
   (You took it off an ironbound preserver on level 4 of the Vaults)
 S - the +5 whip of Xunguhec (weapon) {spect, rC+ Int+3 Dex+3, mace}
   (You took it off a deep elf high priest on level 5 of the Vaults)

   Int+3:     It affects your intelligence (+3).
   Dex+3:     It affects your dexterity (+3).
   rC+:       It protects you from cold.
Armour
 x - a +2 cloak of willpower (worn)
   (You took it off Maurice on level 8 of the Dungeon)
 y - the +1 ring mail "Hukul" (worn) {rElec rF++ Slay+5}
   (You found it on level 4 of the Dungeon)

   Slay+5:    It affects your accuracy & damage with ranged weapons and melee
   (+5).
   rF++:      It greatly protects you from fire.
   rElec:     It insulates you from electricity.
 F - a +2 helmet of see invisible (worn)
   (You found it in the Desolation of Salt)
 H - a +2 pair of gloves (worn)
   (You found it on level 10 of the Dungeon)
 O - the +8 orange crystal plate armour {Archmagi, Int+3 Clar, rare=g}
   (You took it off a vault guard on level 5 of the Vaults)

   Int+3:     It affects your intelligence (+3).
   Clar:      It protects you from confusion, rage, mesmerisation and fear.
 U - a +3 buckler of positive energy (worn)
   (You took it off a tengu conjurer on level 3 of the Depths)
 V - a scarf of resistance
   (You found it on level 4 of the Spider Nest)
 X - a +2 pair of boots of stealth (worn)
   (You found it on level 3 of the Elven Halls)
Jewellery
 a - the ring of Peace (right hand) {rElec rC++ Int+6}
   (You took it off a fire giant on level 3 of the Depths)

   [ring of intelligence]

   Int+6:     It affects your intelligence (+6).
   rC++:      It greatly protects you from cold.
   rElec:     It insulates you from electricity.
 D - a ring of protection from fire
   (You found it in the Desolation of Salt)
 N - the ring "Mocicros" (left hand) {Will++ rCorr Str+5 Int-3}
   (You bought it in a shop on level 2 of the Orcish Mines)

   [ring of resist corrosion]

   Str+5:     It affects your strength (+5).
   Int-3:     It affects your intelligence (-3).
   Will++:    It greatly increases your willpower.
   rCorr:     It protects you from acid and corrosion.
 Y - the amulet "Hageqyog" (around neck) {Reflect rElec rC++ Str-4 SH+5 Stlth-}
   (You found it in the Desolation of Salt)

   [amulet of reflection]

   Reflect:   It reflects blocked missile attacks.
   Str-4:     It affects your strength (-4).
   rC++:      It greatly protects you from cold.
   rElec:     It insulates you from electricity.
   SH+5:      It affects your SH (+5).
   Stlth-:    It makes you less stealthy.
 Z - an amulet of the acrobat
   (You took it off a draconian scorcher on level 2 of the Realm of Zot)
Wands
 f - a wand of flame (111)
   (You took it off Dowan on level 6 of the Dungeon)
 i - a wand of mindburst (36)
   (You found it in a Gauntlet)
 l - a wand of iceblast (59)
   (You found it in a Gauntlet)
 s - a wand of acid (3)
   (You found it on level 4 of the Depths)
 P - a wand of polymorph (43)
   (You found it on level 12 of the Dungeon)
 Q - a wand of paralysis (31)
   (You found it on level 15 of the Dungeon)
Scrolls
 g - 5 scrolls of brand weapon
 h - 11 scrolls of enchant weapon
 m - 6 scrolls of poison
 o - 5 scrolls of vulnerability {!r!r}
 p - 4 scrolls of silence {!r}
 q - 2 scrolls of fog
 r - 5 scrolls of immolation {!r!r}
 u - 8 scrolls of fear
 v - 7 scrolls of amnesia
 z - 19 scrolls of teleportation {@r4}
 L - 2 scrolls of revelation
 M - 4 scrolls of identify {@r1}
 R - 3 scrolls of torment {!r}
 W - 7 scrolls of enchant armour
Potions
 b - 5 potions of magic
 c - 9 potions of lignification {!q}
 j - 9 potions of might
 k - 8 potions of heal wounds {@q2}
 t - 21 potions of curing {@q1}
 w - 8 potions of enlightenment
 A - 4 potions of cancellation
 B - 6 potions of ambrosia
 C - 9 potions of brilliance
 J - 7 potions of mutation {!q}
 K - 7 potions of resistance
 T - 3 potions of invisibility
Miscellaneous
 n - a phantom mirror (inert)
   (You found it in a Gauntlet)
 G - a lightning rod (4/4)
   (You found it in a Gauntlet)

Dungeon Overview and Level Annotations

Branches:
Dungeon (15/15)            Temple (1/1) D:6            Lair (5/5) D:8
  Swamp (4/4) Lair:3       Spider (4/4) Lair:3        Slime (5/5) Lair:5
    Orc (2/2) D:9             Elf (3/3) Orc:2        Vaults (5/5) D:13
  Crypt (1/3) Vaults:2     Depths (4/4) D:15            Zot (5/5) Depths:4
Desolation (visited)      Gauntlet (visited)

Altars:
Ashenzari
Cheibriados
Dithmenos
Elyvilon
Fedhas
Gozag
Hepliaklqana
Kikubaaqudgha
Makhleb
Nemelex Xobeh
Okawaru
Qazlal
Ru
Sif Muna
Trog
Uskayaw
Vehumet
Wu Jian
Xom
Yredelemnul
Zin
The Shining One
Jiyva

Shops:
Orc:2 !=[   Elf:1 ?   Elf:2 (   Elf:3 *   Vaults:3 ((   Zot:5 *   Depths:1 :
Depths:2 :[(   Depths:3 :==

Portals:
Hell: Depths:1 Depths:2 Depths:3 Depths:4
Abyss: Depths:3 Depths:4
Pandemonium: Depths:1 Depths:2 Depths:3
Ziggurat: Depths:4

Annotations:
D:3 exclusion: black bear
D:14 2 transporters, Safywk's ghost, journeyman MiFi; WhatIsLove's ghost, journeyman HOMo
Temple 2 transporters
Spider:4 Mlioglotl
Orc:2 2 transporters, KineticRobot's ghost, journeyman DsSh
Elf:2 3 runed translucent doors
Zot:2 2 transporters, Jofris Vesimp's ghost, legendary GnFE

...####..##.#
#.# ..##
#..##.# #.#
.## #..##.#
#.# .#
#..##.# #.#
.#
#.#######.#
.#
#)..≈≈≈####
.#
#.#..⌠≈#####
.#
#.#.≈≈≈##..#
.###
#.#.#####.@#
.÷.#
#.#.'(..##'#
##.#
#.#.'.♣.'..#
#.#
###.#...'.##
#.# #.#####.#
#.#
###..PPP###
#.# #......8#
#.# #.#######
#.# #..#.#


There were no monsters in sight!


Message History

Your mp is fully restored (46). 😕 HP[+1]
There is an escape hatch in the ceiling here.
A mysterious force pulls you upwards.
The hatch slams shut behind you. 😕 HP[+1]
There is a stone staircase leading up here. 😕 HP[+4]
You regained 4 hp, and now have 156/179 hp.
Your extra speed is starting to run out.
You fly upwards.
There is a stone staircase leading down here. 😕 HP[+1] Unknown command.
You feel yourself slow down.
There is a stone staircase leading up here. 😕 HP[+7]
You regained 7 hp, and now have 164/179 hp.
Unknown command.
Unknown command.
You fly upwards.
There is a stone staircase leading down here. 😕 HP[+1]
There is an open door here.
There is a stone staircase leading up here. 😕 HP[+6]
You regained 6 hp, and now have 171/179 hp.
You fly upwards.
Level annotation: exclusion: black bear
There is a stone staircase leading down here. 😕 HP[+2]
You regained 2 hp, and now have 173/179 hp.
There is a stone staircase leading up here. 😕 HP[+3]
You regained 3 hp, and now have 176/179 hp.
You fly upwards.
There is a stone staircase leading down here. 😕 HP[+1]
There is an escape hatch in the floor here.
An angel comes into view.
It is wielding a +2 sacred scourge of holy wrath.
The angel shouts!
You see here a +0 dagger {short}. 😎 HP[+2]
Your hp is fully restored (179).
You can't go up here!
Casting: Monstrous Menagerie (mildly dangerous; 1% risk of failure)
Confirm with . or Enter, or press ? or * to list all spells.
The dungeon shakes, a horrible noise fills the air, and a portal to some otherworldly place is opened!
The angel hits you with a +2 sacred scourge of holy wrath.
The angel hits you but does no damage. 😕 HP[-2] MP[-7]
You take 2 damage, and now have 177/179 hp.
You lost 7 mp, and now have 39/46 mp.
The angel attacks as it pursues you!
You block the angel's attack. x2 😕 HP[+1]
Casting: Malign Gateway (dangerous; 3% risk of failure)
Confirm with . or Enter, or press ? or * to list all spells.
You summon a servant imbued with your destructive magic!
The angel hits you but does no damage. x2
Your eldritch tentacle closely misses the angel.
Your eldritch tentacle claws the angel!!
The angel is engulfed in flames!!
You block the angel's attack. x2 😕 MP[-7]
You lost 7 mp, and now have 32/46 mp.
The angel hits you but does no damage. x2
Your eldritch tentacle slaps the angel.
The angel's magic leaks into the air.
Your eldritch tentacle misses the angel.
Your spellforged servitor conjures an orb of pure magic.
The wavering orb of destruction weakly hits the angel!! 😎 HP[+1] MP[+1]
Your hp is fully restored (179).
The angel hits your spellforged servitor with a +2 sacred scourge of holy wrath.
The angel hits your spellforged servitor with a +2 sacred scourge of holy wrath!
Your eldritch tentacle closely misses the angel.
Your eldritch tentacle claws the angel but does no damage.
The angel hits your spellforged servitor with a +2 sacred scourge of holy wrath!
The angel hits your spellforged servitor with a +2 sacred scourge of holy wrath.
Your eldritch tentacle slaps the angel!!
Your eldritch tentacle shocks the angel.
The angel resists.
Your eldritch tentacle barely misses the angel.
The angel falters for a moment.
Your spellforged servitor launches a ball of destructive magic.
The wavering orb of destruction weakly hits the angel!!
The angel is blown up!
Sif Muna accepts your kill.
Training target 20.0 for Spellcasting reached!
Your Spellcasting skill increases to level 20!
You need to enable at least one skill for training.
A cherub comes into view.
It is wielding a +0 falchion of flaming.
There is a stone staircase leading up here. 😎 MP[+1]
You fly upwards.
Your summoned ally is left behind.
There is a stone staircase leading down here.
There is a large open door here.
There is a large open door here.
There is an open door here.
There is a staircase leading out of the dungeon here. 😎 MP[+8]
You regained 8 mp, and now have 42/47 mp.
You have escaped!

Skill      XL: |  1  2  3  4  5  6  7  8  9 10 11 12 13 14 15 16 17 18 19 20 21 22 23 24 25 26 27 |
---------------+----------------------------------------------------------------------------------+-----
Conjurations   | 2 3 4 5 7 9 11 16 17 21 | 21.0
Spellcasting   | 3 4 5 6 7 10 12 13 14 16 17 18 20 | 20.0
Fire Magic     | 4 5 6 |  6.0
Staves         | 12 14 | 14.0
Fighting       | 9 10 12 14 16 18 20 | 20.0
Armour         | 3 6 8 10 11 12 | 12.0
Dodging        | 3 4 6 8 10 | 10.0
Stealth        | 5 6 |  6.0
Invocations    | 7 10 12 14 | 14.0
Evocations     | 4 6 |  6.0
Translocations | 2 6 7 11 12 14 | 14.0
Summonings     | 10 14 15 16 17 18 19 | 19.0
Hexes          | 5 6 |  6.0
Transmutations | 6 |  6.0
Shields        | 2 10 | 10.0

Action                     |  1- 3 |  4- 6 |  7- 9 | 10-12 | 13-15 | 16-18 | 19-21 | 22-24 | 25-27 || total
---------------------------+-------+-------+-------+-------+-------+-------+-------+-------+-------++-------
  Melee: Unarmed           |     5 |       |       |       |       |       |       |       |       ||     5
         Dagger            |    26 |    21 |    26 |       |       |       |       |       |       ||    73
         Short sword       |     2 |       |       |       |       |       |       |       |       ||     2
         Punch             |     1 |       |       |       |       |       |       |       |       ||     1
         Quarterstaff      |       |       |     6 |   314 |   954 |   914 |   598 |   560 |   210 ||  3556
         Whip              |       |       |       |       |       |       |       |       |   197 ||   197
  Throw: Dart              |       |       |     3 |       |       |       |       |       |       ||     3
   Cast: Foxfire           |    66 |   117 |    47 |   153 |   257 |   498 |     3 |       |       ||  1141
         Scorch            |     2 |     8 |    17 |    66 |    46 |    70 |     4 |       |       ||   213
         Searing Ray       |       |       |       |     1 |     2 |     1 |       |       |       ||     4
         Malign Gateway    |       |       |       |       |     1 |       |    27 |    65 |   108 ||   201
         Iskenderun's Myst |       |       |       |       |       |     8 |       |       |       ||     8
         Passage of Golubr |       |       |       |       |       |     3 |       |       |     5 ||     8
         Fire Storm        |       |       |       |       |       |     1 |       |       |       ||     1
         Orb of Destructio |       |       |       |       |       |   193 |   170 |   129 |    30 ||   522
         Spellforged Servi |       |       |       |       |       |     8 |    96 |    86 |    66 ||   256
         Summon Cactus Gia |       |       |       |       |       |       |    47 |    33 |       ||    80
         Dispersal         |       |       |       |       |       |       |     1 |     1 |     7 ||     9
         Yara's Violent Un |       |       |       |       |       |       |       |     1 |       ||     1
         Monstrous Menager |       |       |       |       |       |       |       |    28 |    92 ||   120
         Irradiate         |       |       |       |       |       |       |       |     3 |       ||     3
         Maxwell's Capacit |       |       |       |       |       |       |       |       |     2 ||     2
         Summon Horrible T |       |       |       |       |       |       |       |       |    21 ||    21
 Invoke: Divine Exegesis   |       |       |       |       |     1 |     1 |       |       |     2 ||     4
         Channel Magic     |       |       |       |       |       |     3 |     3 |     6 |     9 ||    21
  Evoke: Wand              |       |       |       |    16 |    12 |    10 |     8 |     2 |     4 ||    52
         Lightning rod     |       |       |       |       |     7 |    12 |     3 |       |     2 ||    24
         Phantom mirror    |       |       |       |       |     1 |     4 |       |     1 |     3 ||     9
    Use: Scroll            |       |     4 |     2 |    13 |    10 |    11 |     5 |    13 |    15 ||    73
         Potion            |       |       |     3 |       |     6 |     4 |       |     5 |    25 ||    43
   Stab: Paralysed         |       |       |       |     2 |     4 |     3 |     2 |       |     5 ||    16
         Sleeping          |       |       |       |     1 |     2 |     6 |     2 |       |       ||    11
         Confused          |       |       |       |       |       |     2 |       |       |       ||     2
         Distracted        |       |       |       |       |       |     1 |     9 |     6 |    14 ||    30
 Armour: Robe              |    26 |     6 |       |       |       |       |       |       |       ||    32
         Ring mail         |       |    10 |    36 |   150 |   418 |   747 |   386 |   439 |   413 ||  2599
         Leather armour    |       |     7 |       |       |       |       |       |       |       ||     7
  Dodge: Dodged            |    42 |    24 |    25 |   117 |   405 |   527 |   279 |   307 |   328 ||  2054
  Block: Other             |       |       |       |    26 |   165 |   211 |   121 |   113 |    31 ||   667
         Reflection        |       |       |       |     1 |     9 |    11 |    25 |    10 |     4 ||    60
         Buckler           |       |       |       |       |       |       |       |       |   224 ||   224

Levels and vault maps discovered:
D:1:      sevenhm_arrival_forest_fort_small_3, layout_loops_ring,
          minmay_misc_feat_ornament, corexii_corridor_pit, minmay_circled_x
D:2:      layout_loops_cross, minivault_5, lightli_corner_chamber, uniq_sigmund,
          uniq_robin
D:3:      layout_loops_corners, dreamdust_ecumenical_altar_sealed_demon
D:4:      nicolae_BIG_FREAKIN_CUBE, layout_rooms, st_stairs_12,
          grunt_ministairs_4
D:5:      layout_loops_ring, amcnicky_altar_gilded, dreamdust_wishing_well,
          uniq_blork_the_orc, uniq_grinder
D:6:      layout_basic, minmay_temple_entry_stoned_glass, chequers_jeans,
          chequers_serial_rivers_small_3, uniq_duvessa, uniq_eustachio
D:7:      layout_basic, grunt_ministairs_3, uniq_joseph
D:8:      layout_basic, dpeg_lair_monsters, corexii_leaking_fountain, uniq_grum,
          uniq_jeremiah, uniq_maurice
D:9:      layout_layer_cave, orc_0_dummy, nrook_campfire,
          minmay_misc_feat_secret_circle, hangedman_abyss_or_decor_stabs
D:10:     layout_gridville, ashenzari_altar_1, slow_altar_1,
          serial_bayou_lagoon_b, uniq_amaemon, uniq_urug
D:11:     layout_irregular_city
D:12:     layout_long_grid, amcnicky_mini_pool_small, feat_on_display
D:13:     layout_irregular_city, grunt_vaults_entry_fortified,
          amcnicky_mini_corridor_feature
D:14:     layout_rooms, nzn_ghost_randoct, serial_bayou_crossing
D:15:     gammafunk_depths_entry_grave, layout_basic,
          portal_ice_cave_entry_pillars_three, small_statue_alley_a, st_stairs_3
Temple:   hellmonk_temple_divided_pantheon
Lair:1:   layout_layer_cave, infiniplex_staircase_pool_2, grunt_megastairs_3,
          uniq_harold
Lair:2:   layout_cave_pods, gauntlet_entry_generic
Lair:3:   layout_cave_pods, skrybe_swamp_entry_bodies,
          spider_nest_entry_funnel_web, pf_torpor_hydra, uniq_fannar
Lair:4:   layout_layer_cave, lemuel_fruit_fields, uniq_nessos
Lair:5:   wormcave, layout_hall_layers, guppyfry_lair_end_dragon, slime_entry_1,
          grunt_megastairs_1, infiniplex_staircase_pool
Swamp:1:  layout_basic_swamp, nicolae_swamp_little_swirl,
          nicolae_swamp_alligator_family
Swamp:2:  nicolae_swamp_ascending_descending, layout_basic_swamp,
          serial_swamp_ruin, evilmike_swamp_ruin_house_4,
          evilmike_swamp_ruin_house_6, evilmike_swamp_ruin_rubble_2, swamp_pool5
Swamp:3:  gammafunk_worm_tunnel, layout_basic_swamp, evilmike_swamp_ruin_house_1
Swamp:4:  swamp_icy, layout_basic_swamp
Spider:1: layout_spider_delve, uniq_kirke
Spider:2: layout_spider_delve, uniq_aizul, uniq_louise
Spider:3: layout_spider_delve, uniq_bai_suzhen, uniq_arachne, uniq_asterion
Spider:4: grunt_spider_rune_circles, uniq_mlioglotl
Slime:1:  cheibrodos_slime_lost_civilization_1, layout_caves
Slime:2:  layout_caves
Slime:3:  layout_caves
Slime:4:  cheibrodos_slime_lost_civilization_10, layout_caves
Slime:5:  slime_pit_nicolae_amoeboid
Orc:1:    layout_caves
Orc:2:    kennysheep_orc_mage_school, layout_caves,
          gammafunk_ghost_berserking_beasts, uniq_saint_roka, uniq_sonja
Elf:1:    layout_loops_corners, serial_shops, nicolae_shop_stone,
          kennysheep_underground_church, grunt_ministairs_11,
          lemuel_upstairs_altar, uniq_azrael
Elf:2:    nicolae_elf_blades_crystal_corner, layout_geoelf_grid, serial_shops,
          shop, st_stairs_4
Elf:3:    elf_hall, layout_onion_city, serial_shops, shop,
          elf_orc_summit_meeting
Vaults:1: hangedman_vaults_capsules, v_misc_1, vaults_standard_mumra_x,
          v_misc_24, v_misc_26, nicolae_vaults_two_Ls, vaults_dpeg_diagonal,
          nicolae_vaults_tetromino_T_2, nicolae_vaults_border_crossing,
          ontoclasm_vaults_gateway, vaults_room_semicircle,
          layout_vaults_chaotic_city
Vaults:2: minmay_crypt_entry_simple_round, nicolae_vaults_octagons,
          ontoclasm_vaults_loading_screen, v_alt_pattern_2,
          nicolae_vaults_triangles, nicolae_vaults_puzzle_piece,
          nicolae_vaults_diagonal_hallway_8, nicolae_vaults_hallways_thing,
          vaults_room_stairs_pillars, vaults_room_grunt_arrival_ludios,
          nicolae_vaults_offset_grid_hallway_1, nicolae_vaults_wine_cellar,
          layout_vaults_omnibox
Vaults:3: portal_desolation_entry_garden,
          nicolae_vaults_windows_and_doors_thing,
          nicolae_vaults_doubleplus_tesselated,
          ontoclasm_vaults_decontamination, nicolae_vaults_little_squares_3,
          nicolae_vaults_tetromino_Z_1, nicolae_vaults_storage_closets_1,
          nicolae_vaults_turnstiles, nicolae_vaults_tangram_2, v_pattern_3,
          hangedman_vaults_hat, vaults_mumra_chevron, layout_vaults_omnicross,
          serial_shops, nicolae_shop_bloodbath_and_beyond,
          nicolae_shop_back_alley_shop
Vaults:4: nicolae_vaults_alarming, nicolae_vaults_network_quincunx
          [nicolae_vaults_network_quincunx_subvault,
          nicolae_vaults_network_quincunx_subvault,
          nicolae_vaults_network_quincunx_subvault,
          nicolae_vaults_network_quincunx_subvault,
          nicolae_vaults_network_quincunx_subvault], v_misc_5,
          grunt_vaults_twisty, vaults_mumra_minichess, v_misc_5,
          nicolae_vaults_trapezoid_3, v_misc_15, v_misc_17, v_misc_14,
          hangedman_vaults_corner_blocks, ontoclasm_vaults_loading_screen,
          nicolae_vaults_storage_room_water, layout_vaults_maze_bifur
Vaults:5
Crypt:1:  layout_misc_corridors, nicolae_crypt_soggy_tomb,
          lemuel_mausoleum_altar_kikubaaqudgha
Depths:1: layout_honeycomb, chequers_serial_rivers_micro_e,
          grunt_hell_entry_dis_old, rand_demon_pan_entry_1,
          nicolae_kite_square_tiling_tiny, st_stairs_7, nicolae_water_bricks,
          minivault_15, nicolae_shop_i_like_small_books_too,
          nicolae_qazlal_general_emergency, uniq_norris
Depths:2: dreamdust_experimentation, layout_cave_shapes, rand_demon_pan_entry_3,
          hell_entry, tgw_sif, minmay_shop_star
Depths:3: lemuel_castle_with_subvaults [lemuel_castle_interior_carwin_2],
          layout_long_grid, abyss_entry, rand_demon_pan_entry_9,
          pf_vacation_house_of_asmodeus, hangedman_abyss_or_decor_clamps,
          corner_web_ring, minmay_hedge_maze, grunt_decor_fettered,
          minivault_10, doesnt_xom_only_xom, infiniplex_staircase_river,
          minmay_shop_grove, firewood_loft
Depths:4: grunt_zot_entry_alcove, layout_basic, enter_ziggurat_a,
          minmay_room_of_horrors, nrook_mini_backslash, hell_entry,
          minmay_misc_feat_pillars, uniq_josephina
Zot:1:    layout_cellular_growth, st_stairs_3
Zot:2:    layout_twisted_circle, gammafunk_ghost_mausoleum, zot_minivault_1,
          uniq_vv
Zot:3:    layout_misc_corridors, st_stairs_10, drop_trap, nicolae_lava_and_water
Zot:4:    ebering_greatest_show_in_zot, layout_twisted_circle
Zot:5:    layout_basic, grunt_ministairs_9, nicolae_transmutations_shop,
          drop_trap

Notes
Turn   | Place    | Note
-------+----------+-------------------------------------------
     0 | D:1      | MackTheKnife the Gargoyle Fire Elementalist began the quest
                  | for the Orb.
     0 | D:1      | Reached XP level 1. HP: 10/10 MP: 3/3
     0 | D:1      | magus.rc [v1.9.6]
   203 | D:1      | Reached XP level 2. HP: 9/15 MP: 0/5
   317 | D:1      | Learned a level 2 spell: Scorch
   556 | D:1      | Reached XP level 3. HP: 19/19 MP: 4/6
   603 | D:1      | Reached skill level 2 in Conjurations
  1016 | D:1      | You pick up a book of Decay and begin reading...
  1016 | D:1      | You add the spells Dispel Undead and Death Channel to your
                  | library.
  1242 | D:2      | Noticed Robin
  1706 | D:2      | Killed Robin
  1707 | D:2      | Reached XP level 4. HP: 24/24 MP: 3/8
  2263 | D:2      | Noticed Sigmund
  2285 | D:2      | Reached skill level 3 in Spellcasting
  2446 | D:2      | Killed Sigmund
  2447 | D:2      | Reached skill level 3 in Conjurations
  2447 | D:2      | Reached skill level 4 in Fire Magic
  2447 | D:2      | Reached XP level 5. HP: 21/28 MP: 2/10
  2447 | D:2      | Reached XP level 6. HP: 24/32 MP: 2/11
  2903 | D:3      | Noticed a black bear
  3168 | D:3      | Noticed a red devil
  3169 | D:3      | Found a faded altar of an unknown god.
  3802 | D:3      | Upgraded the game from 0.31-a0-557-g6e16503903 to
                  | 0.31-a0-564-g3b7de120b3
  3802 | D:3      | magus.rc [v1.9.6]
  4326 | D:4      | Identified the +1 ring mail "Hukul" {rElec rF++ Slay+5}
  4346 | D:4      | Reached skill level 4 in Spellcasting
  4346 | D:4      | Reached skill level 4 in Conjurations
  4930 | D:5      | Entered Level 5 of the Dungeon
  4935 | D:5      | Reached skill level 5 in Fire Magic
  4935 | D:5      | Reached XP level 7. HP: 36/36 MP: 4/13
  5045 | D:5      | Reached skill level 5 in Conjurations
  5235 | D:5      | Reached skill level 5 in Spellcasting
  5299 | D:5      | Reached XP level 8. HP: 41/41 MP: 10/15
  5492 | D:5      | Found a radiant altar of Vehumet.
  5508 | D:5      | Reached skill level 6 in Fire Magic
  5516 | D:5      | Identified the +9 quarterstaff of Classification {freeze,
                  | rN+ Str+9 Dex-2}
  5528 | D:5      | magus.rc [v1.9.6]
  5687 | D:5      | Reached skill level 1 in Staves
  5789 | D:5      | Noticed Grinder
  6068 | D:5      | Killed Grinder
  6069 | D:5      | Reached skill level 3 in Staves
  6136 | D:6      | Noticed Eustachio
  6208 | D:6      | Killed Eustachio
  6209 | D:6      | Reached skill level 4 in Staves
  6398 | D:6      | Reached skill level 5 in Staves
  6451 | D:6      | Noticed Duvessa
  6486 | D:5      | Identified 2 potions of experience
  6487 | D:5      | Reached skill level 12 in Staves
  6487 | D:5      | Reached XP level 9. HP: 45/45 MP: 16/16
  6488 | D:5      | Reached skill level 9 in Fighting
  6488 | D:5      | Reached XP level 10. HP: 67/67 MP: 17/17
  6495 | D:6      | Killed Duvessa
  6540 | D:6      | Reached skill level 1 in Armour
  6563 | D:6      | Noticed Dowan
  6571 | D:6      | Killed Dowan
  6759 | D:6      | Found a staircase to the Ecumenical Temple.
  6778 | Temple   | Found a transporter.
  6778 | Temple   | Found a transporter.
  6778 | Temple   | Found a transporter.
  6778 | Temple   | Found a transporter.
  6778 | Temple   | Entered the Ecumenical Temple
  6796 | Temple   | Became a worshipper of Sif Muna the Loreminder
  6846 | D:6      | Reached skill level 2 in Armour
  7734 | D:7      | Reached skill level 3 in Armour
  7745 | D:7      | Reached XP level 11. HP: 72/72 MP: 12/18
  7820 | D:7      | Noticed a manticore
  7838 | D:7      | Killed a manticore
  7839 | D:7      | Reached skill level 4 in Armour
  8048 | D:7      | Noticed Joseph
  8103 | D:7      | Killed Joseph
  8104 | D:7      | Reached skill level 5 in Armour
  8431 | D:8      | You pick up a book of Conjurations {@e2} and begin
                  | reading...
  8431 | D:8      | You add the spells Magic Dart, Searing Ray and Fulminant
                  | Prism to your library.
  8447 | D:7      | Learned a level 2 spell: Searing Ray
  8574 | D:8      | Noticed Grum
  8581 | D:8      | Killed Grum
  8583 | D:8      | Noticed a death yak
  8585 | D:8      | Reached skill level 6 in Armour
  8586 | D:8      | Noticed a death yak
  8593 | D:8      | Noticed a death yak
  8595 | D:8      | Killed a death yak
  8629 | D:7      | Reached * piety under Sif Muna
  8630 | D:7      | Reached skill level 10 in Fighting
  8716 | D:8      | Reached skill level 13 in Staves
  8753 | D:8      | Noticed Maurice
  8763 | D:8      | Found a staircase to the Lair.
  8769 | D:8      | Killed Maurice
  8950 | D:8      | Noticed Jeremiah
  9284 | D:8      | You pick up a book of the Moon and begin reading...
  9284 | D:8      | You add the spells Passage of Golubria, Silence and
                  | Lehudib's Crystal Spear to your library.
  9427 | D:9      | Noticed a two-headed ogre
  9437 | D:9      | Killed a two-headed ogre
  9629 | D:9      | Found a staircase to the Orcish Mines.
  9796 | D:9      | Reached skill level 14 in Staves
  9805 | D:9      | Reached skill level 2 in Dodging
  9874 | D:9      | Reached ** piety under Sif Muna
 10537 | D:10     | Entered Level 10 of the Dungeon
 10603 | D:10     | Noticed Amaemon
 10619 | D:10     | Killed Amaemon
 10620 | D:10     | Reached skill level 3 in Dodging
 10625 | D:10     | Reached XP level 12. HP: 56/77 MP: 7/19
 10808 | D:10     | Found a broken altar of Ashenzari.
 10832 | D:10     | Reached skill level 4 in Dodging
 10915 | D:10     | Reached skill level 6 in Conjurations
 10933 | D:10     | Noticed Urug
 10941 | D:10     | Killed Urug
 11176 | D:10     | Found a snail-covered altar of Cheibriados.
 12039 | D:8      | Killed Jeremiah
 12040 | D:8      | Reached skill level 6 in Spellcasting
 12229 | D:8      | Killed a death yak
 12240 | D:8      | Killed a death yak
 12241 | D:8      | Reached skill level 7 in Conjurations
 12400 | Lair:1   | Entered Level 1 of the Lair of Beasts
 12401 | Lair:1   | magus.rc [v1.9.6]
 12593 | Lair:1   | Reached skill level 7 in Armour
 12770 | Lair:1   | Reached skill level 8 in Armour
 12778 | Lair:1   | Reached skill level 3 in Stealth
 12890 | Lair:1   | Reached *** piety under Sif Muna
 12915 | Lair:1   | Reached skill level 4 in Stealth
 12980 | Lair:1   | Noticed Harold
 12999 | Lair:1   | Killed Harold
 13000 | Lair:1   | Reached skill level 5 in Stealth
 13743 | Lair:2   | Reached XP level 13. HP: 82/82 MP: 23/23
 13765 | Lair:2   | Reached skill level 6 in Stealth
 13808 | Lair:2   | Found a gate leading to a gauntlet.
 13817 | Gauntlet | Entered a Gauntlet
 13817 | Gauntlet | Found a transporter.
 13824 | Gauntlet | Found a transporter.
 13827 | Gauntlet | Found a transporter.
 13836 | Gauntlet | Found a runed translucent door.
 13838 | Gauntlet | Found a transporter.
 13840 | Gauntlet | Found a transporter.
 13853 | Gauntlet | Found a transporter.
 13866 | Gauntlet | Found a transporter.
 13895 | Gauntlet | Found a transporter.
 13905 | Gauntlet | Found a transporter.
 13911 | Gauntlet | Found a transporter.
 13911 | Gauntlet | Found a transporter.
 13913 | Gauntlet | Found a transporter.
 13942 | Gauntlet | Found a transporter.
 13998 | Gauntlet | Found a transporter.
 14156 | Gauntlet | Reached skill level 5 in Dodging
 14364 | Gauntlet | Identified the +2 pair of boots "Faritsic" {rElec}
 14579 | Gauntlet | Identified the +3 morningstar of Thoughtfulness {chaos,
                  | Contam rC+ rCorr}
 14579 | Gauntlet | Noticed a minotaur
 14592 | Gauntlet | Killed a minotaur
 14593 | Gauntlet | Reached skill level 6 in Dodging
 14957 | Lair:2   | Reached **** piety under Sif Muna
 15143 | Lair:2   | Reached skill level 11 in Fighting
 15646 | Lair:2   | magus.rc [v1.9.6]
 15744 | Lair:3   | Noticed Fannar
 15763 | Lair:2   | Killed Fannar
 15854 | Lair:3   | Reached skill level 12 in Fighting
 15925 | Lair:3   | Reached skill level 9 in Armour
 16217 | Lair:3   | Reached skill level 10 in Armour
 16287 | Lair:3   | Found a staircase to the Swamp.
 16295 | Lair:3   | Reached skill level 7 in Spellcasting
 16408 | Lair:3   | Gained mutation: Your large and strong wings let you fly.
                  | [Gargoyle growth]
 16408 | Lair:3   | Reached XP level 14. HP: 71/92 MP: 17/25
 16519 | Lair:3   | Found a hole to the Spider Nest.
 16628 | Lair:3   | Found a runed translucent door.
 17109 | Lair:3   | Reached skill level 8 in Spellcasting
 17122 | Lair:3   | Identified the +6 mace "Death Rattle" {holy, Fly rPois rC+
                  | Dex-5}
 17435 | Lair:4   | Reached skill level 9 in Spellcasting
 17624 | Lair:4   | Noticed Nessos
 17628 | Lair:4   | Killed Nessos
 18598 | Lair:5   | Entered Level 5 of the Lair of Beasts
 18786 | Lair:5   | Reached skill level 10 in Spellcasting
 18916 | Lair:5   | Found a viscous altar of Jiyva.
 18916 | Lair:5   | Found a staircase to the Slime Pits.
 19004 | Lair:5   | Reached skill level 1 in Invocations
 19004 | Lair:5   | Reached ***** piety under Sif Muna
 19005 | Lair:5   | Reached skill level 1 in Evocations
 19024 | Lair:5   | Reached skill level 2 in Invocations
 19106 | Lair:5   | Reached skill level 2 in Evocations
 19269 | Lair:5   | Found a runed translucent door.
 19293 | Lair:5   | Received a gift from Sif Muna
 19300 | Lair:5   | Reached skill level 3 in Invocations
 19311 | Lair:5   | Reached skill level 3 in Evocations
 19318 | Lair:5   | HP: 19/92 [tyrant leech (15)]
 19484 | Lair:5   | Reached skill level 4 in Invocations
 19708 | Lair:5   | You add the spells Static Discharge, Mephitic Cloud, Orb of
                  | Destruction and Spellforged Servitor to your library.
 19708 | Lair:5   | Got Sif Muna's Vademecum on Blasting {god gift}
 19763 | Lair:5   | Reached skill level 4 in Evocations
 19839 | Lair:5   | Reached skill level 5 in Invocations
 20157 | Lair:5   | Reached skill level 6 in Invocations
 20300 | Lair:5   | You pick up a book of Decay and begin reading...
 20302 | Lair:5   | You pick up a book of Scorching and begin reading...
 20392 | Lair:5   | Reached skill level 7 in Invocations
 20591 | Orc:1    | Entered Level 1 of the Orcish Mines
 20599 | Orc:1    | Reached XP level 15. HP: 96/96 MP: 29/29
 20726 | Orc:1    | magus.rc [v1.9.6]
 20736 | Orc:2    | Entered Level 2 of the Orcish Mines
 20901 | Orc:2    | Noticed an orc warlord
 20921 | Orc:1    | Reached skill level 8 in Invocations
 21007 | Orc:2    | Noticed Sonja
 21408 | Orc:2    | Killed an orc warlord
 21409 | Orc:2    | Reached skill level 9 in Invocations
 21410 | Orc:2    | Killed Sonja
 21710 | Orc:2    | Received a gift from Sif Muna
 21711 | Orc:2    | You add the spells Kiss of Death, Iskenderun's Mystic
                  | Blast, Animate Armour, Malign Gateway and Fire Storm to
                  | your library.
 21711 | Orc:2    | Got Deneh's Precepts of Battle Magic and the Congregation
                  | {god gift}
 21821 | Orc:2    | Found a staircase to the Elven Halls.
 21839 | Orc:2    | Found a transporter.
 21840 | Orc:2    | Noticed KineticRobot's ghost (journeyman DsSh)
 21853 | Orc:2    | Found a transporter.
 22004 | Orc:2    | Reached skill level 10 in Invocations
 22022 | Orc:2    | Noticed Saint Roka
 22093 | Orc:2    | magus.rc [v1.9.6]
 22265 | Orc:2    | Killed Saint Roka
 22358 | Orc:2    | Found Xiffoel's Distillery.
 22387 | Orc:2    | Bought a potion of curing for 36 gold pieces
 22387 | Orc:2    | Bought a potion of curing for 36 gold pieces
 22387 | Orc:2    | Bought a potion of resistance for 120 gold pieces
 22387 | Orc:2    | Bought a potion of enlightenment for 60 gold pieces
 22401 | Orc:2    | Found an ancient bone altar of Kikubaaqudgha.
 22404 | Orc:2    | Noticed Nergalle
 22420 | Orc:2    | Killed Nergalle
 22491 | Orc:2    | Noticed Erolcha
 22494 | Orc:2    | Found Dutazuh's Antique Armour Emporium.
 22501 | Orc:2    | Killed Erolcha
 22519 | Orc:2    | Found a radiant altar of Vehumet.
 22523 | Orc:2    | Reached skill level 11 in Spellcasting
 22572 | Orc:2    | Found Kolafam's Antique Armour Shoppe.
 22676 | Orc:2    | Gained mutation: You are clumsy. (Dex -2) [a neqoxec]
 22710 | Orc:2    | Found Qaulag's Jewellery Shoppe.
 22718 | Orc:2    | Bought the ring "Mocicros" {Will++ rCorr Str+5 Int-3} for
                  | 678 gold pieces
 24715 | D:12     | Reached skill level 12 in Spellcasting
 24732 | D:12     | Reached skill level 8 in Conjurations
 24990 | D:13     | magus.rc [v1.9.6]
 25002 | D:13     | Learned a level 4 spell: Iskenderun's Mystic Blast
 25039 | D:13     | Reached skill level 1 in Translocations
 25230 | D:13     | Reached skill level 2 in Translocations
 25464 | D:13     | Found a gate to the Vaults.
 25471 | D:13     | Reached skill level 9 in Conjurations
 25479 | D:13     | Reached XP level 16. HP: 92/101 MP: 32/32
 25517 | D:13     | Reached skill level 3 in Translocations
 26136 | D:14     | Noticed WhatIsLove's ghost (journeyman HOMo)
 26142 | D:14     | Found a transporter.
 26144 | D:14     | Noticed Safywk's ghost (journeyman MiFi)
 26244 | D:14     | Found a transporter.
 26367 | D:14     | Reached skill level 4 in Translocations
 26896 | D:15     | Entered Level 15 of the Dungeon
 27050 | D:15     | Received a gift from Sif Muna
 27065 | D:15     | Reached skill level 10 in Conjurations
 27078 | D:15     | You pick up a book of Spectacle and begin reading...
 27078 | D:15     | You add the spells Dazzling Flash, Starburst and Maxwell's
                  | Capacitive Coupling to your library.
 27229 | D:15     | Reached skill level 5 in Translocations
 27803 | D:15     | You pick up a book of the Earth and begin reading...
 27803 | D:15     | You add the spells Leda's Liquefaction, Lee's Rapid
                  | Deconstruction and Leda's Unmaking to your library.
 27844 | D:15     | Found a staircase to the Depths.
 27870 | D:15     | Reached skill level 6 in Translocations
 28516 | D:15     | magus.rc [v1.9.6]
 28763 | Swamp:1  | Entered Level 1 of the Swamp
 28782 | Swamp:1  | Learned a level 6 spell: Summon Cactus Giant
 28788 | Swamp:1  | Learned a level 4 spell: Passage of Golubria
 29425 | Swamp:1  | Reached skill level 13 in Fighting
 29446 | Swamp:1  | HP: 14/104 [goliath frog (17)]
 29982 | Swamp:2  | Reached skill level 14 in Fighting
 30487 | Swamp:2  | Noticed a tentacled monstrosity
 30500 | Swamp:2  | Reached skill level 11 in Conjurations
 30503 | Swamp:2  | Killed a tentacled monstrosity
 30504 | Swamp:2  | Received a gift from Sif Muna
 30505 | Swamp:2  | You add the spells Gell's Gravitas, Summon Ice Beast and
                  | Simulacrum to your library.
 30505 | Swamp:2  | Got Julasu's Almanac of Frost and the Map {god gift}
 30572 | Swamp:2  | Identified the +3 hand axe of Destiny {freeze, Dex+6}
 31407 | Swamp:3  | Reached XP level 17. HP: 75/111 MP: 23/33
 31409 | Swamp:3  | Reached skill level 12 in Conjurations
 31839 | Orc:2    | Bought a +6 ring of intelligence for 540 gold pieces
 31849 | Orc:2    | Learned a level 7 spell: Orb of Destruction
 32388 | Swamp:3  | Found a transporter.
 32459 | Swamp:3  | You pick up a book of Geomancy and begin reading...
 32459 | Swamp:3  | You add the spells Sandblast, Passwall and Stone Arrow to
                  | your library.
 32514 | Swamp:3  | Found a transporter.
 32552 | Swamp:3  | Reached skill level 13 in Conjurations
 32959 | Swamp:3  | HP: 26/111 [briar patch collision (17)]
 32962 | Swamp:3  | HP: 11/111 [swamp worm (16)]
 33236 | Swamp:3  | Identified the +2 hat "Dets" {SInv}
 33252 | Swamp:3  | Identified the ring "Qargh" {Fire Contam +Blink rPois
                  | Int-3}
 33272 | Swamp:4  | Entered Level 4 of the Swamp
 33925 | Swamp:4  | Reached skill level 14 in Conjurations
 35157 | Swamp:4  | Reached skill level 15 in Conjurations
 36130 | Swamp:4  | Got a decaying rune of Zot
 36327 | Spider:1 | Entered Level 1 of the Spider Nest
 36834 | Spider:1 | Noticed Kirke
 36873 | Spider:1 | Noticed a sphinx
 36874 | Spider:1 | Killed Kirke
 37096 | Spider:1 | Received a gift from Sif Muna
 37097 | Spider:1 | You add the spells Shock, Arcjolt and Conjure Ball
                  | Lightning to your library.
 37097 | Spider:1 | Got Sif Muna's Atlas of Thunder {god gift}
 37334 | Spider:1 | HP: 21/111 [wolf spider (14)]
 38420 | Spider:1 | Learned a level 7 spell: Spellforged Servitor
 38741 | Spider:2 | Reached skill level 16 in Conjurations
 39160 | Spider:2 | Reached XP level 18. HP: 102/116 MP: 20/34
 39265 | Spider:2 | Noticed Louise
 39281 | Spider:2 | Killed Louise
 39282 | Spider:2 | Reached skill level 13 in Spellcasting
 39447 | Spider:2 | Noticed Aizul
 39471 | Spider:2 | Killed Aizul
 39472 | Spider:2 | Reached skill level 1 in Summonings
 39827 | Spider:2 | Reached skill level 2 in Summonings
 40030 | Spider:2 | Reached skill level 3 in Summonings
 40612 | Spider:2 | magus.rc [v1.9.6]
 40614 | Spider:3 | Noticed Bai Suzhen
 40840 | Spider:3 | Reached skill level 4 in Summonings
 41120 | Spider:3 | Killed Bai Suzhen
 41261 | Spider:2 | magus.rc [v1.9.6]
 41331 | Spider:3 | Reached skill level 5 in Summonings
 41637 | Spider:3 | Noticed Arachne
 41654 | Spider:3 | Killed Arachne
 41922 | Spider:3 | Noticed Asterion
 41932 | Spider:3 | Received a gift from Sif Muna
 41940 | Spider:3 | You pick up a book of Cantrips and begin reading...
 41940 | Spider:3 | You add the spells Necrotise, Summon Small Mammal and
                  | Apportation to your library.
 42045 | Spider:3 | Reached skill level 6 in Summonings
 42259 | Spider:3 | Gained mutation: You occasionally lose the ability to read
                  | scrolls when taking damage. [a cacodemon]
 42263 | Spider:3 | Gained mutation: Your spells are a little easier to cast,
                  | but a little less powerful. [a cacodemon]
 42265 | Spider:3 | Gained mutation: You are partially covered in iridescent
                  | scales. (AC +2) [a cacodemon]
 42268 | Spider:3 | Killed Asterion
 42457 | Spider:3 | Lost mutation: Your spells are a little easier to cast, but
                  | a little less powerful. [potion of mutation]
 42457 | Spider:3 | Lost mutation: You occasionally lose the ability to read
                  | scrolls when taking damage. [potion of mutation]
 42457 | Spider:3 | Gained mutation: You are robust. (+10% HP) [potion of
                  | mutation]
 42457 | Spider:3 | Lost mutation: You are clumsy. (Dex -2) [potion of
                  | mutation]
 42458 | Spider:3 | magus.rc [v1.9.6]
 42823 | Spider:4 | Entered Level 4 of the Spider Nest
 42973 | Spider:3 | Reached skill level 7 in Summonings
 43081 | Spider:3 | Upgraded the game from 0.31-a0-564-g3b7de120b3 to
                  | 0.31-a0-574-g69dc8cc98e
 43081 | Spider:3 | magus.rc [v1.9.6]
 43730 | Spider:4 | Reached skill level 8 in Summonings
 44067 | Spider:4 | You add the spells Ignite Poison, Sticky Flame and Ignition
                  | to your library.
 44080 | Spider:4 | Noticed Mlioglotl
 44357 | Spider:4 | Reached skill level 9 in Summonings
 44799 | Spider:4 | Received a gift from Sif Muna
 44800 | Spider:4 | You add the spells Fireball, Iskenderun's Battlesphere,
                  | Dispersal and Chain Lightning to your library.
 44800 | Spider:4 | Got Sif Muna's Reference Book on Blinking Striking {god
                  | gift}
 45191 | Spider:4 | Got a gossamer rune of Zot
 45635 | Vaults:1 | Entered Level 1 of the Vaults
 45835 | Vaults:1 | Reached skill level 10 in Summonings
 46291 | Vaults:1 | You pick up a book of the Senses and begin reading...
 46611 | Vaults:1 | Reached XP level 19. HP: 133/133 MP: 29/36
 46785 | Vaults:1 | Reached skill level 11 in Summonings
 47717 | Vaults:1 | HP: 30/133 [centaur warrior/arrow (8)]
 47721 | Vaults:1 | Reached skill level 12 in Summonings
 47722 | Vaults:1 | HP: 21/133 [centaur warrior (4)]
 48272 | Vaults:1 | Learned a level 6 spell: Summon Cactus Giant
 48607 | Vaults:1 | magus.rc [v1.9.6]
 48996 | Vaults:2 | Found a staircase to the Crypt.
 49004 | Vaults:2 | Reached skill level 13 in Summonings
 49561 | Vaults:2 | Reached skill level 14 in Summonings
 49829 | Vaults:2 | Received a gift from Sif Muna
 49830 | Vaults:2 | You add the spells Ensorcelled Hibernation, Confusing
                  | Touch, Metabolic Englaciation and Enfeeble to your library.
 49830 | Vaults:2 | Got Sif Muna's Enchiridion on Weird Conflict {god gift}
 50048 | Vaults:2 | Learned a level 7 spell: Malign Gateway
 51328 | Vaults:2 | Reached skill level 7 in Translocations
 51328 | Vaults:2 | Reached XP level 20. HP: 134/139 MP: 22/37
 51702 | Elf:1    | Entered Level 1 of the Elven Halls
 52210 | Elf:1    | Identified the +4 flail of Destruction {heavy, rF+ rCorr
                  | Int-3 SInv}
 52255 | Elf:1    | Found Pemel Picall's Magic Scroll Emporium.
 52264 | Elf:1    | Bought a scroll of teleportation for 51 gold pieces
 52264 | Elf:1    | Bought a scroll of summoning for 161 gold pieces
 52264 | Elf:1    | Bought a scroll of blinking for 127 gold pieces
 52264 | Elf:1    | Bought a scroll of fog for 68 gold pieces
 52264 | Elf:1    | Bought a scroll of fog for 68 gold pieces
 52264 | Elf:1    | Bought a scroll of fog for 68 gold pieces
 52499 | Elf:1    | Noticed Azrael
 52506 | Elf:1    | Killed Azrael
 52666 | Elf:1    | Identified the +1 scale mail of Guynua {Harm Int+3}
 53295 | Elf:1    | magus.rc [v1.9.6]
 53542 | Elf:2    | Reached skill level 8 in Translocations
 53785 | Elf:2    | Reached skill level 14 in Spellcasting
 53815 | Elf:2    | Found Apoul's Weapon Shop.
 54021 | Elf:2    | Found a runed translucent gate.
 54022 | Elf:2    | Found a runed translucent gate.
 54022 | Elf:2    | Found a runed translucent gate.
 54118 | Elf:2    | magus.rc [v1.9.6]
 54271 | Elf:2    | Reached skill level 9 in Translocations
 54800 | Elf:3    | Entered Level 3 of the Elven Halls
 54822 | Elf:3    | Found Weme's General Store.
 54945 | Elf:3    | Received a gift from Sif Muna
 55071 | Elf:3    | You add the spells Haunt, Borgnjor's Revivification and
                  | Death's Door to your library.
 55191 | Elf:3    | Reached skill level 10 in Translocations
 55379 | Elf:3    | magus.rc [v1.9.6]
 55594 | Elf:3    | magus.rc [v1.9.6]
 55653 | Elf:3    | Paralysed by an air elemental for 1 turns
 55657 | Elf:3    | Paralysed by an air elemental for 1 turns
 56408 | Elf:3    | Reached skill level 15 in Summonings
 56696 | Elf:3    | magus.rc [v1.9.6]
 56709 | Elf:3    | Identified the +0 buckler of Insurance {Rampage Drain
                  | Will++ Regen+}
 56746 | Elf:3    | Reached skill level 11 in Translocations
 56985 | Elf:3    | Identified the ring "Ovyicloify" {Wiz SInv}
 57071 | Elf:3    | Reached XP level 21. HP: 87/145 MP: 19/39
 57087 | Elf:3    | Received a gift from Sif Muna
 57088 | Elf:3    | You add the spells Momentum Strike, Teleport Other and
                  | Petrify to your library.
 57088 | Elf:3    | Got Sif Muna's Compilation of the Lithic Door {god gift}
 57247 | Elf:3    | Reached skill level 12 in Translocations
 57405 | Elf:3    | Identified the amulet "Viqay" {Spirit Int+2}
 57410 | Elf:3    | You add the spells Sting, Olgreb's Toxic Radiance and
                  | Borgnjor's Vile Clutch to your library.
 57410 | Elf:3    | Got the Almanac of Sinister Rituals and the Spider
 57416 | Elf:3    | You pick up a book of Necromancy and begin reading...
 57422 | Elf:3    | Identified the +6 shortbow of Prudence {freeze, Dex+6}
 57450 | Elf:3    | You pick up a book of Iron and begin reading...
 57452 | Elf:3    | Identified the staff "Qeluts Arrow" {rN+ Str+3 Necro}
 57458 | Elf:3    | You pick up a book of the Warp and begin reading...
 57458 | Elf:3    | You add the spells Manifold Assault and Disjunction to your
                  | library.
 57460 | Elf:3    | You pick up a book of Vapours and begin reading...
 57460 | Elf:3    | You add the spells Poisonous Vapours and Freezing Cloud to
                  | your library.
 57477 | Elf:3    | You pick up a book of Frost and begin reading...
 57477 | Elf:3    | You add the spells Freeze, Frozen Ramparts and Hailstorm to
                  | your library.
 57926 | Vaults:3 | Learned a level 6 spell: Dispersal
 57926 | Vaults:3 | magus.rc [v1.9.6]
 57943 | Vaults:3 | Found a crumbling gateway.
 57955 | Desolati | Entered the Desolation of Salt
 58407 | Desolati | Identified the +2 shortbow "Xong" {speed, rPois rN+}
 58409 | Desolati | Identified the +8 long sword "Abyatuwn" {vamp, *Slow rPois
                  | rN+ Dex+3}
 58409 | Desolati | Identified the +9 sling "Gufarch" {speed, Str+3 Dex+2}
 58420 | Desolati | Identified the amulet of Bodaps {Spirit Str-5 Int+5}
 58631 | Desolati | Identified the ring "Cabit" {Wiz *Corrode +Blink rC+}
 58925 | Desolati | Identified the +3 halberd of Dominance {freeze, *Noise
                  | rElec rN++ Int+3}
 59204 | Desolati | Identified the ring "Gioqor" {Fly rF+}
 59333 | Desolati | Identified a +0 crystal plate armour
 59334 | Desolati | Y - a +0 crystal plate armour {rare=g}
 59335 | Desolati | You drop a +0 crystal plate armour {rare=g}.
 59359 | Desolati | Identified the amulet "Hageqyog" {Reflect rElec rC++ Str-4
                  | SH+5 Stlth-}
 59425 | Desolati | F - a +0 crystal plate armour {rare=g}
 59559 | Desolati | You drop a +0 crystal plate armour {rare=g}.
 60020 | Vaults:3 | Received a gift from Sif Muna
 60021 | Vaults:3 | You pick up a book of Displacement and begin reading...
 60419 | Vaults:2 | Reached skill level 15 in Spellcasting
 60665 | Vaults:2 | Reached skill level 16 in Summonings
 60840 | Vaults:3 | magus.rc [v1.9.6]
 60860 | Vaults:3 | Found Saodeczi's Weapon Shoppe.
 61223 | Vaults:3 | You pick up a book of the Tundra and begin reading...
 61308 | Vaults:3 | magus.rc [v1.9.6]
 61509 | Vaults:3 | magus.rc [v1.9.6]
 61856 | Vaults:3 | You pick up a book of Callings and begin reading...
 61856 | Vaults:3 | You add the spells Call Canine Familiar and Summon Guardian
                  | Golem to your library.
 61872 | Vaults:3 | Found Detue's Weapon Shoppe.
 62448 | Vaults:3 | Received a gift from Sif Muna
 62451 | Vaults:3 | Reached skill level 16 in Spellcasting
 62459 | Vaults:3 | Reached skill level 17 in Conjurations
 62579 | Vaults:3 | You pick up a book of Minor Magic and begin reading...
 63188 | Vaults:4 | Reached XP level 22. HP: 150/150 MP: 28/42
 63305 | Vaults:4 | Reached skill level 18 in Conjurations
 63696 | Vaults:4 | Identified the +5 whip of Supply {flame, rF+ rC+}
 63708 | Vaults:4 | Reached skill level 19 in Conjurations
 63879 | Vaults:4 | Identified the +4 chain mail of Grand Brilliance {rElec
                  | Str+3 SInv}
 64079 | Vaults:4 | Reached skill level 20 in Conjurations
 64086 | Vaults:4 | s - a +0 executioner's axe {axerare=g}
 64344 | Vaults:4 | Received a gift from Sif Muna
 64345 | Vaults:4 | You add the spells Irradiate and Yara's Violent Unravelling
                  | to your library.
 64345 | Vaults:4 | Got Sif Muna's Dissertation on Remoulded Kinetic Energy
                  | {god gift}
 64496 | Vaults:4 | Learned a level 5 spell: Irradiate
 64502 | Vaults:4 | Learned a level 5 spell: Yara's Violent Unravelling
 64629 | Vaults:4 | Reached skill level 1 in Hexes
 64865 | Vaults:4 | magus.rc [v1.9.6]
 64995 | Crypt:1  | Entered Level 1 of the Crypt
 65086 | D:14     | Reached skill level 1 in Transmutations
 65275 | Depths:1 | Entered Level 1 of the Depths
 65565 | D:15     | You drop a +0 executioner's axe {axerare=g}.
 65607 | Depths:1 | Found a one-way gate leading to the halls of Pandemonium.
 65646 | Depths:1 | Noticed Norris
 65656 | Depths:1 | Reached skill level 2 in Hexes
 65659 | Depths:1 | Killed Norris
 65660 | Depths:1 | Reached skill level 2 in Transmutations
 65840 | Depths:1 | Found a stormy altar of Qazlal.
 66176 | Depths:1 | Reached skill level 21 in Conjurations
 66180 | Depths:1 | Identified the ring "Hocloal" {Fly Int+3 Slay+2}
 66189 | Depths:1 | You pick up a book of Party Tricks and begin reading...
 66236 | Depths:1 | Identified the +3 leather armour of the Flying Gods {Str+2
                  | Stlth+}
 66238 | Depths:1 | You are sucked into a shaft and drop 1 floor!
 66247 | Depths:2 | Reached skill level 3 in Hexes
 66251 | Depths:2 | Reached skill level 3 in Transmutations
 66290 | Depths:2 | Reached ****** piety under Sif Muna
 66296 | Depths:2 | Reached skill level 4 in Hexes
 66302 | Depths:2 | Reached skill level 4 in Transmutations
 66685 | Depths:2 | Found Nuanneimm's Book Shop.
 66687 | Depths:2 | Found Keovveupn's Armour Boutique.
 66689 | Depths:2 | Found Taher's Weapon Shop.
 66752 | Depths:2 | Reached skill level 5 in Transmutations
 66833 | Depths:2 | Identified a scroll of acquirement
 66839 | Depths:2 | Acquired a book of Beasts
 66840 | Depths:2 | You pick up a book of Beasts and begin reading...
 66840 | Depths:2 | You add the spells Summon Mana Viper and Monstrous
                  | Menagerie to your library.
 67104 | Depths:2 | Received a gift from Sif Muna
 67105 | Depths:2 | You add the spells Blink, Vhi's Electric Charge, Summon
                  | Forest and Polar Vortex to your library.
 67105 | Depths:2 | Got Sif Muna's Atlas of the Chill and Coordinates {god
                  | gift}
 67455 | Depths:2 | Reached skill level 5 in Hexes
 67506 | Depths:2 | Found a shimmering blue altar of Sif Muna.
 67535 | Depths:2 | Found a gateway to Hell.
 67554 | Depths:2 | Reached skill level 6 in Transmutations
 67859 | Depths:2 | Reached XP level 23. HP: 143/156 MP: 13/43
 68172 | Depths:2 | Reached skill level 6 in Hexes
 68269 | Depths:2 | You pick up a book of Air and begin reading...
 68269 | Depths:2 | You add the spells Swiftness and Airstrike to your library.
 68344 | Depths:2 | Identified the +1 robe of Eternal Vigilance {+Inv rElec}
 69102 | Depths:1 | Found Pirefaso's Tiny Tomes.
 69461 | Depths:1 | Reached skill level 15 in Fighting
 69867 | Depths:1 | magus.rc [v1.9.6]
 70152 | Depths:3 | Identified the ring of Gotzal {rC+ MP+9 Int-3 Dex+6 Stlth+}
 70719 | Depths:3 | Reached skill level 16 in Fighting
 71194 | Depths:3 | Identified the ring of Peace {rElec rC++ Int+6}
 71330 | Depths:3 | Reached skill level 7 in Dodging
 71779 | Depths:3 | Found a one-way gate to the infinite horrors of the Abyss.
 72105 | Depths:3 | Noticed a juggernaut
 72120 | Depths:3 | Killed a juggernaut
 72121 | Depths:3 | Reached skill level 8 in Dodging
 72259 | Depths:3 | Noticed a juggernaut
 72266 | Depths:3 | Killed a juggernaut
 72267 | Depths:3 | Reached skill level 5 in Evocations
 72409 | Depths:3 | Found Ipul Cakh's Jewellery Boutique.
 72410 | Depths:3 | Found Exieg's Book Emporium.
 72411 | Depths:3 | Found Emedu's Jewellery Boutique.
 72468 | Depths:3 | Received a gift from Sif Muna
 72469 | Depths:3 | You add the spells Eringya's Noxious Bog and Summon Hydra
                  | to your library.
 72496 | Depths:3 | Identified the ring "Tyfexer" {+Blink rC+}
 72685 | Depths:3 | Noticed a golden dragon
 72698 | Depths:3 | Reached skill level 6 in Evocations
 72702 | Depths:3 | Killed a golden dragon
 72853 | Depths:3 | Noticed a golden dragon
 72880 | Depths:3 | Killed a golden dragon
 72964 | Depths:3 | Reached skill level 11 in Invocations
 73171 | Depths:3 | Found a bloodstained altar of Trog.
 73173 | Depths:3 | Found a sacrificial altar of Ru.
 73173 | Depths:3 | Found a radiant altar of Vehumet.
 73178 | Depths:3 | Found a shimmering altar of Xom.
 73178 | Depths:3 | Found a broken altar of Ashenzari.
 73178 | Depths:3 | Found a bloodstained altar of Trog.
 73632 | Depths:3 | +0 storm dragon scales {rare}; a storm dragon corpse
 73656 | Depths:3 | Reached skill level 12 in Invocations
 73699 | Depths:3 | Noticed a golden dragon
 73715 | Depths:3 | Killed a golden dragon
 73888 | Depths:3 | Identified the +4 battleaxe "Niggeps" {flame, Int+3 Dex+3}
 73962 | Depths:3 | +0 shadow dragon scales {rare}; a shadow dragon skeleton
 73984 | Depths:4 | Entered Level 4 of the Depths
 74018 | Depths:4 | Reached XP level 24. HP: 160/167 MP: 26/43
 74299 | Depths:4 | Reached skill level 13 in Invocations
 74328 | Depths:3 | Gained mutation: You sometimes lose your temper in combat.
                  | [mutagenic glow]
 74460 | Depths:4 | Identified the ring "Biwaa" {Ice rElec rPois rN+}
 74460 | Depths:4 | Noticed Josephina
 74465 | Depths:4 | Killed Josephina
 74682 | Depths:4 | Received a gift from Sif Muna
 74683 | Depths:4 | You pick up a book of the Dragon and begin reading...
 74683 | Depths:4 | You add the spells Cause Fear and Dragon's Call to your
                  | library.
 74703 | Depths:3 | Reached skill level 14 in Invocations
 74895 | Depths:4 | Learned a level 7 spell: Monstrous Menagerie
 75644 | Depths:4 | Found a gate to the Realm of Zot.
 75675 | Depths:4 | You pick up a book of Dangerous Friends and begin
                  | reading...
 75705 | Depths:4 | Found a one-way gateway to a ziggurat.
 75970 | Depths:4 | Reached skill level 17 in Fighting
 75971 | Depths:4 | Received a gift from Sif Muna
 75973 | Depths:4 | Got Sif Muna's Codex of Spatial Mud {god gift}
 76447 | D:15     | E - a +0 executioner's axe {axerare=g}
 76652 | Vaults:4 | Upgraded the game from 0.31-a0-574-g69dc8cc98e to
                  | 0.31-a0-590-g8a5a4361df
 76652 | Vaults:4 | magus.rc [v1.9.6]
 76655 | Vaults:5 | Entered Level 5 of the Vaults
 76942 | Vaults:5 | Identified the ring of the Shishi {Will+ Str+6}
 76950 | Vaults:5 | Reached skill level 17 in Summonings
 76951 | Vaults:5 | Reached skill level 18 in Fighting
 77232 | Vaults:5 | +0 shadow dragon scales {rare}; a shadow dragon corpse
 77371 | Vaults:5 | Reached skill level 11 in Armour
 77492 | Vaults:5 | Reached XP level 25. HP: 72/179 MP: 31/43
 77494 | Vaults:5 | Reached skill level 12 in Armour
 77515 | Vaults:5 | Received a gift from Sif Muna
 77516 | Vaults:5 | Got Yllog's Precepts of the Firefly {god gift}
 77788 | Vaults:5 | O - the +8 orange crystal plate armour {Archmagi, Int+3
                  | Clar, rare=g}
 77807 | Vaults:5 | Identified the +5 whip of Xunguhec {spect, rC+ Int+3 Dex+3}
 78254 | Vaults:5 | You pick up a book of Death and begin reading...
 78254 | Vaults:5 | You add the spells Animate Dead and Infestation to your
                  | library.
 78256 | Vaults:5 | Got a silver rune of Zot
 78469 | Vaults:5 | Reached skill level 13 in Translocations
 78961 | Vaults:5 | You pick up a book of Vapours and begin reading...
 79134 | Vaults:5 | Reached skill level 14 in Translocations
 79363 | Vaults:5 | You pick up a book of Armaments and begin reading...
 79450 | Vaults:5 | Received a gift from Sif Muna
 79451 | Vaults:5 | Got Sif Muna's Advanced Steps in the Hermit's Heritage {god
                  | gift}
 80485 | Slime:1  | Entered Level 1 of the Pits of Slime
 80801 | Slime:3  | Reached skill level 18 in Summonings
 81079 | Slime:5  | Entered Level 5 of the Pits of Slime
 81275 | Slime:5  | Found a viscous altar of Jiyva.
 81280 | Slime:5  | Found the +8 whip "Snakebite" {venom, curare, rPois}
 81351 | Slime:5  | Noticed the Royal Jelly
 81704 | Slime:5  | Reached skill level 17 in Spellcasting
 82188 | Slime:5  | Killed the Royal Jelly
 82274 | Slime:5  | You pick up a book of Armaments and begin reading...
 82288 | Slime:5  | Identified the +7 plate armour of the Cockroach {Slay+5
                  | SInv Stlth-}
 82292 | Slime:5  | Identified the +5 flail of Greed {venom, rPois rN++ Str-2
                  | Dex+3}
 82351 | Slime:5  | Identified the +3 scale mail of the Nine Planets {rPois}
 82390 | Slime:5  | Identified the +4 plate armour "Dusiow" {rPois Regen+ Int+3
                  | Stlth+}
 82395 | Slime:5  | Identified the +2 scimitar of Doors {heavy, rCorr Int+2}
 82421 | Slime:5  | Got a slimy rune of Zot
 82434 | Slime:5  | Identified the +10 sling "Siovita" {heavy, rF+ rC- Str+3}
 82941 | Zot:1    | Entered Level 1 of the Realm of Zot
 82942 | Zot:1    | magus.rc [v1.9.6]
 83011 | Zot:1    | Reached skill level 1 in Shields
 83029 | Zot:1    | Reached skill level 2 in Shields
 83174 | Zot:1    | You pick up a book of Misfortune and begin reading...
 83223 | Zot:1    | Reached XP level 26. HP: 184/184 MP: 38/44
 83379 | Zot:1    | Reached skill level 3 in Shields
 83482 | Zot:1    | Identified +0 gold dragon scales
 83953 | Zot:2    | Reached skill level 4 in Shields
 83996 | Zot:2    | Noticed Vv
 84001 | Zot:2    | Killed Vv
 84060 | Zot:2    | Identified +0 gold dragon scales
 84061 | Zot:2    | Reached skill level 5 in Shields
 84062 | Zot:2    | +0 gold dragon scales {rare}; a golden dragon corpse
 84071 | Zot:2    | Noticed an electric golem
 84084 | Zot:2    | Reached skill level 18 in Spellcasting
 84085 | Zot:2    | Noticed a curse toe
 84118 | Zot:1    | Received a gift from Sif Muna
 84119 | Zot:1    | Reached skill level 6 in Shields
 84119 | Zot:1    | You pick up a book of Weapons and begin reading...
 84561 | Zot:1    | Killed an electric golem
 84562 | Zot:1    | Reached skill level 7 in Shields
 84806 | Zot:2    | Noticed a dread lich
 84806 | Zot:2    | Noticed Jofris Vesimp's ghost (legendary GnFE)
 84809 | Zot:2    | Found a transporter.
 85164 | Zot:2    | Reached skill level 8 in Shields
 85230 | Zot:2    | Noticed a curse toe
 85240 | Zot:2    | Killed a curse toe
 85279 | Zot:2    | Noticed an ancient lich
 85561 | Zot:2    | Killed a curse toe
 85571 | Zot:2    | Identified +0 gold dragon scales
 85572 | Zot:2    | Reached skill level 9 in Shields
 85891 | Zot:2    | Found a transporter.
 85941 | Zot:2    | Identified +0 gold dragon scales
 85942 | Zot:2    | Reached skill level 10 in Shields
 86391 | Zot:2    | Learned a level 8 spell: Summon Horrible Things
 87136 | Zot:3    | Received a gift from Sif Muna
 87137 | Zot:3    | Got Sif Muna's Parchment of the Salvo and the Wyrd {god
                  | gift}
 87506 | Zot:4    | Noticed a Killer Klown
 87506 | Zot:4    | Noticed a Killer Klown
 87506 | Zot:4    | Noticed a Killer Klown
 87506 | Zot:4    | Noticed a Killer Klown
 87573 | Zot:3    | Reached skill level 9 in Dodging
 88037 | Zot:4    | Killed a Killer Klown
 88050 | Zot:4    | Killed a Killer Klown
 88160 | Zot:4    | Killed a Killer Klown
 88311 | Zot:4    | Identified +0 gold dragon scales
 88536 | Zot:4    | +0 storm dragon scales {rare}; a storm dragon corpse
 88870 | Zot:4    | Killed a Killer Klown
 88871 | Zot:4    | Reached skill level 10 in Dodging
 88999 | Zot:4    | Noticed a Killer Klown
 89011 | Zot:4    | Killed a Killer Klown
 89012 | Zot:4    | Reached skill level 19 in Summonings
 89040 | Zot:4    | Upgraded the game from 0.31-a0-590-g8a5a4361df to
                  | 0.31-a0-596-g831eee08f1
 89040 | Zot:4    | magus.rc [v1.9.6]
 89152 | Zot:4    | Reached XP level 27. HP: 185/190 MP: 26/45
 89802 | Zot:5    | Entered Level 5 of the Realm of Zot
 89827 | Zot:5    | Found Puchaoqi's Changing Room.
 89857 | Zot:5    | Bought a potion of mutation for 120 gold pieces
 89857 | Zot:5    | Bought 2 potions of mutation for 240 gold pieces
 90077 | Zot:5    | Identified +0 gold dragon scales
 90162 | Zot:5    | Noticed an orb of fire
 90167 | Zot:5    | Gained mutation: You do not regenerate when monsters are
                  | visible. [an orb of fire]
 90187 | Zot:5    | Killed an orb of fire
 90313 | Zot:5    | Lost mutation: You are robust. (+10% HP) [potion of
                  | mutation]
 90313 | Zot:5    | Lost mutation: You sometimes lose your temper in combat.
                  | [potion of mutation]
 90313 | Zot:5    | Lost mutation: You do not regenerate when monsters are
                  | visible. [potion of mutation]
 90313 | Zot:5    | Gained mutation: You are strong-willed. (Will+) [potion of
                  | mutation]
 90313 | Zot:5    | Gained mutation: You possess an exceptional clarity of
                  | mind. [potion of mutation]
 90313 | Zot:5    | Gained mutation: You are mostly covered in iridescent
                  | scales. (AC +4) [potion of mutation]
 90314 | Zot:5    | magus.rc [v1.9.6]
 90353 | Zot:5    | Reached skill level 19 in Fighting
 90584 | Zot:5    | Noticed an orb of fire
 90590 | Zot:5    | Identified +0 gold dragon scales
 90593 | Zot:5    | Noticed an orb of fire
 90596 | Zot:5    | HP: 44/177 [Killer Klown/klown pie (25)]
 90603 | Zot:5    | HP: 30/177 [orb of fire/bolt of fire (22)]
 90950 | Zot:5    | Killed an orb of fire
 90977 | Zot:5    | Gained mutation: Your body sometimes deteriorates upon
                  | taking damage. [an orb of fire]
 90983 | Zot:5    | Killed an orb of fire
 90984 | Zot:5    | Reached skill level 20 in Fighting
 91151 | Zot:5    | Noticed an electric golem
 91165 | Zot:5    | Killed an electric golem
 91262 | Zot:5    | Noticed an ancient lich
 91266 | Zot:5    | Noticed an orb of fire
 91271 | Zot:5    | Killed an ancient lich
 91275 | Zot:5    | Noticed an orb of fire
 91282 | Zot:5    | Killed an orb of fire
 91288 | Zot:5    | Banished an orb of fire
 91390 | Zot:5    | Gained mutation: You are vulnerable to heat. (rF-)
                  | [mutagenic glow]
 91408 | Zot:5    | Lost mutation: You possess an exceptional clarity of mind.
                  | [mutagenic glow]
 91420 | Zot:5    | Gained mutation: You are weak. (Str -2) [mutagenic glow]
 91439 | Zot:5    | Lost mutation: You are vulnerable to heat. (rF-) [potion of
                  | mutation]
 91439 | Zot:5    | Lost mutation: You are strong-willed. (Will+) [potion of
                  | mutation]
 91439 | Zot:5    | Gained mutation: You are robust. (+10% HP) [potion of
                  | mutation]
 91474 | Zot:5    | Noticed an orb of fire
 91477 | Zot:5    | Lost mutation: You are robust. (+10% HP) [an orb of fire]
 91485 | Zot:5    | Killed an orb of fire
 91486 | Zot:5    | Reached skill level 19 in Spellcasting
 91487 | Zot:5    | Noticed an orb of fire
 91491 | Zot:5    | Noticed an orb of fire
 91503 | Zot:5    | Killed an orb of fire
 91507 | Zot:5    | Killed an orb of fire
 91523 | Zot:5    | Noticed an orb of fire
 91534 | Zot:5    | Killed an orb of fire
 91732 | Zot:5    | Got the Orb of Zot
 91992 | Depths:3 | Noticed Usith the pandemonium lord
 92470 | D:2      | Reached skill level 20 in Spellcasting
 92500 | D:$      | Escaped with the Orb!

Vanquished Creatures
  the Royal Jelly (Slime:5)
  An orb of fire (Zot:5)
  Josephina (Depths:4)
  A Killer Klown (Zot:5)
  Vv (Zot:2)
  Bai Suzhen (Spider:3)
  A curse toe (Zot:2)
  2 golden dragons
  Norris (Depths:1)
  Arachne (Spider:3)
  2 electric golems
  A tentacled monstrosity (Vaults:5)
  3 Orb Guardians (Zot:5)
  2 liches
  A deep elf blademaster (Elf:3)
  A titan (Vaults:5)
  An acid blob (Slime:5)
  An Executioner (Zot:5)
  A death cob (Zot:2)
  2 thorn hunters (Swamp:4)
  3 shadow dragons
  Kirke (Spider:1)
  3 storm dragons
  Aizul (Spider:2)
  A draconian monk (Zot:1)
  A tengu reaver (Vaults:2)
  A rockslime (Slime:5)
  A revenant (Vaults:2)
  6 azure jellies
  4 fire giants
  5 emperor scorpions
  8 frost giants
  7 vault wardens
  A deep elf elementalist (Elf:2)
  Louise (Spider:2)
  2 ghouls
  A draconian stormcaller (Zot:2)
  2 ghost moths
  A reaper (Depths:3)
  7 stone giants
  2 formless jellyfish
  13 very ugly things
  16 ironbound preservers
  2 war gargoyles (Vaults:5)
  3 broodmothers
  4 quicksilver oozes (Slime:5)
  4 ironbound thunderhulks
  A black draconian (Depths:4)
  An eleionoma (Swamp:3)
  2 purple draconians
  A deep elf demonologist (Elf:3)
  Nessos (Lair:4)
  3 bunyips
  3 deep elf annihilators
  Azrael (Elf:1)
  A minotaur (Gauntlet)
  9 spark wasps
  A yellow draconian (Zot:5)
  2 dire elephants (Vaults:3)
  2 deep elf death magi
  6 ettins
  A shambling mangrove (Swamp:2)
  A jiangshi (Vaults:2)
  3 great orbs of eyes
  8 yaktaur captains
  2 ragged hierophants (Desolation)
  Harold (Lair:1)
  5 fire dragons
  A servant of whispers (Desolation)
  2 deep elf high priests
  3 entropy weavers
  2 rakshasas
  Erolcha (Orc:2)
  3 ice dragons
  Fannar (Lair:2)
  4 peacekeepers (Desolation)
  13 vault guards
  6 boulder beetles
  2 ogre magi
  18 alligators
  A juggernaut simulacrum (Depths:4)
  A catoblepas (Gauntlet)
  A radroach (Spider:3)
  15 hydras
  14 two-headed ogres
  A caustic shrike simulacrum (Depths:4)
  14 centaur warriors
  3 ghost crabs (Swamp:4)
  8 dancing weapons
  2 tengu warriors
  A deep troll shaman (Depths:3)
  A death knight (D:13)
  4 ironbound frosthearts
  2 titan zombies (Depths:3)
  7 death yaks
  4 demonic crawlers
  A spriggan berserker (Depths:4)
  6 deep troll earth magi
  Urug (D:10)
  5 deep elf knights
  Sonja (Orc:2)
  A sun demon (Depths:3)
  Nergalle (Orc:2)
  A hell knight (Depths:4)
  2 iron trolls
  A skyshark (shapeshifter) (Depths:1)
  5 goliath frogs
  6 pharaoh ants
  Amaemon (D:10)
  A spark wasp zombie (D:15)
  2 flayed ghosts
  3 skeletal warriors
  A death drake (Depths:3)
  A spriggan druid (Swamp:2)
  A shadow demon (Depths:2)
  6 wizards
  49 deep trolls
  22 ironbound convokers
  8 orb spiders
  An orange crystal statue (Depths:1)
  2 phantasmal warriors
  11 lindwurms
  A necromancer (D:15)
  7 deep elf archers
  5 swamp dragons
  5 bog bodies
  8 deep elf pyromancers
  6 deep elf zephyrmancers
  10 steelbarb worms
  5 orc knights
  3 harpies (Vaults:4)
  A shadow dragon skeleton (D:15)
  A faun (shapeshifter) (D:13)
  7 ugly things
  A stone giant zombie (D:15)
  3 cyclopes
  4 will-o-the-wisps
  21 wolf spiders
  2 manticores
  11 orc sorcerers
  10 moths of wrath
  11 nameless horrors
  A large abomination (Depths:4)
  17 elephants
  5 black mambas
  10 vault sentinels
  A guardian serpent (Desolation)
  A rust devil (Depths:1)
  Maurice (D:8)
  Joseph (D:7)
  13 torpor snails
  2 orange demons
  A smoke demon (Depths:3)
  3 gargoyles
  Jeremiah (D:8)
  6 cane toads
  4 unseen horrors
  A cane toad (shapeshifter) (D:14)
  3 kobold demonologists (D:11)
  4 freezing wraiths (Swamp:4)
  2 ice devils
  7 rime drakes
  19 yaktaurs
  11 komodo dragons
  3 trolls
  A tengu conjurer (Depths:2)
  4 meliai (D:15)
  2 hellwings
  2 polar bears
  A bloated husk (Swamp:1)
  A queen bee (shapeshifter) (Elf:2)
  13 saltlings (Desolation)
  19 tarantellas
  9 tyrant leeches
  21 hornets
  8 blink frogs
  Grinder (D:5)
  A wolf spider simulacrum (D:13)
  A raiju (Gauntlet)
  A shadow dragon simulacrum (Depths:3)
  10 dream sheep
  16 jumping spiders
  2 air elementals (Elf:3)
  A flying skull (Vaults:2)
  Sigmund (D:2)
  18 culicivoras
  3 shadows
  27 slime creatures
  11 spriggans
  3 centaur simulacra
  A spriggan skeleton (D:15)
  40 yaks
  3 wraiths
  5 fire elementals
  2 water elementals
  3 wyverns
  4 hogs
  Eustachio (D:6)
  39 redbacks
  4 basilisks
  8 steam dragons
  A swamp worm simulacrum (Swamp:4)
  7 vampire mosquitoes
  Grum (D:8)
  A redback (shapeshifter) (Depths:2)
  3 wargs
  A glowing shapeshifter zombie (Depths:3)
  28 swamp worms
  2 hell hounds (Elf:1)
  4 acid dragons
  13 hydra simulacra (Swamp:4)
  10 water moccasins
  Duvessa (D:6)
  25 orc warriors
  3 swamp drakes
  3 ice beasts
  8 ogres
  2 small abominations
  12 wolves
  9 centaurs
  A kobold brigand (D:11)
  3 phantoms
  11 bullfrogs
  A scorpion (D:6)
  2 earth elementals
  A necrophage (Swamp:3)
  4 wights (D:6)
  A hornet simulacrum (Gauntlet)
  Dowan (D:6)
  9 killer bees (D:9)
  5 electric eels
  15 orc priests
  A jelly (D:7)
  4 hounds
  An iron imp (D:10)
  8 iguanas
  A hell rat (D:8)
  36 orc wizards
  Robin (D:2)
  6 adders
  3 river rats (D:8)
  A white imp (D:7)
  An ufetubus (D:7)
  7 swamp drake simulacra (Swamp:4)
  3 worms
  2 dart slugs
  95 orcs
  9 ball pythons
  6 endoplasms
  5 giant cockroaches
  17 goblins
  9 hobgoblins
  10 jackals
  14 kobolds
  5 quokkas
  10 bats
  4 frilled lizards
  5 rats
  A spectral weapon (Zot:4)
1436 creatures vanquished.

Vanquished Creatures (collateral kills)
  An ancient lich (Zot:5)
  7 orbs of fire (Zot:5)
  2 juggernauts (Depths:3)
  A curse toe (Zot:2)
  7 Killer Klowns
  Saint Roka (Orc:2)
  15 golden dragons
  A profane servitor (D:9)
  A bone dragon (Depths:4)
  A Brimstone Fiend (Depths:4)
  A Tzitzimitl (Depths:4)
  15 tentacled monstrosities
  2 liches (Vaults:5)
  20 Orb Guardians
  A deep elf blademaster (Elf:3)
  4 titans
  4 quicksilver dragons
  8 sphinxes
  14 acid blobs
  An Executioner (Depths:4)
  A deep elf master archer (Elf:3)
  12 death cobs
  6 eldritch tentacles
  12 storm dragons
  3 tengu reavers
  4 azure jellies
  9 fire giants
  9 shadow dragons
  5 rockslimes
  A draconian monk (Depths:4)
  A draconian knight (Zot:2)
  An emperor scorpion (Spider:4)
  3 deep elf sorcerers (Elf:3)
  12 vault wardens
  3 draconian scorchers
  5 frost giants
  2 ghost moths (Zot:4)
  A balrug (Depths:1)
  An imperial myrmidon (Desolation)
  An angel (D:2)
  A deep elf elementalist (Elf:3)
  5 draconian shifters
  11 stone giants
  2 draconian annihilators
  2 orc warlords
  A war gargoyle (Vaults:5)
  4 draconian stormcallers
  15 ironbound preservers
  22 very ugly things
  A vampire knight (Depths:4)
  A juggernaut skeleton (Depths:3)
  2 formless jellyfish
  7 quicksilver oozes (Slime:5)
  10 black draconians
  2 ironbound thunderhulks
  7 green draconians
  2 deep elf demonologists (Elf:3)
  A dire elephant (Vaults:3)
  4 yellow draconians
  6 red draconians
  5 white draconians
  8 purple draconians
  6 spark wasps
  7 deep elf annihilators (Elf:3)
  2 halazid warlocks (Desolation)
  6 ettins
  A crystal guardian (Desolation)
  9 fire dragons
  4 deep elf death magi (Elf:3)
  7 deep elf high priests
  An entropy weaver (Vaults:5)
  6 great orbs of eyes
  3 servants of whispers (Desolation)
  5 yaktaur captains
  A hell beast (D:8)
  A rakshasa (Depths:3)
  16 vault guards (Vaults:5)
  3 ragged hierophants (Desolation)
  4 peacekeepers
  A radroach (Lair:3)
  A boulder beetle (Vaults:2)
  7 ice dragons
  13 dancing weapons
  6 ironbound frosthearts
  2 centaur warriors
  11 deep troll shamans
  5 hell knights (Depths:4)
  6 deep troll earth magi
  A spriggan berserker (Depths:4)
  2 skysharks (Depths:1)
  12 iron trolls
  A death drake (Depths:3)
  4 deep elf knights (Elf:3)
  12 nameless horrors
  A lindwurm (Vaults:1)
  63 deep trolls
  2 phantasmal warriors
  2 wizards (Depths:2)
  11 ironbound convokers
  3 orc knights
  3 large abominations (Depths:4)
  8 deep elf archers
  2 necromancers
  A harpy (Vaults:4)
  9 deep elf pyromancers
  An orc sorcerer (Elf:3)
  A glowing shapeshifter (Zot:3)
  13 deep elf zephyrmancers
  6 shining eyes
  16 moths of wrath
  3 eyes of devastation
  21 ugly things
  An elephant (shapeshifter) (Depths:2)
  An eye of devastation (shapeshifter) (Depths:3)
  2 guardian serpents (Desolation)
  13 vault sentinels
  A smoke demon (Depths:4)
  2 molten gargoyles
  2 unseen horrors (Depths:4)
  A gargoyle (Gauntlet)
  2 orange demons (Depths:1)
  2 tengu conjurers
  16 yaktaurs
  A freezing wraith (Vaults:5)
  A golden dragon simulacrum (Depths:4)
  A shadow dragon simulacrum (Depths:4)
  A tengu simulacrum (Depths:4)
  28 saltlings (Desolation)
  57 slime creatures
  A hornet (Depths:4)
  A slime creature (shapeshifter) (Vaults:5)
  A jumping spider (Spider:4)
  3 chaos spawn
  A spriggan (Depths:4)
  A fire elemental (Elf:2)
  A neqoxec (D:10)
  5 small abominations (Depths:4)
  A warg (Orc:2)
  A hell hound (Elf:1)
  An earth elemental (Elf:3)
  An orc (Orc:2)
  8 foxfires
808 creatures vanquished.

Vanquished Creatures (others)
  Asterion (Spider:3)
  A deep elf master archer (Elf:3)
  191 eldritch tentacles
  A storm dragon (Vaults:5)
  A vault warden (Vaults:5)
  An ironbound preserver (Vaults:4)
  A deep elf annihilator (Elf:3)
  An alligator (Swamp:1)
  A deep elf knight (Elf:2)
  A death drake (Depths:3)
  A deep troll (Vaults:5)
  A deep elf zephyrmancer (Elf:2)
  A deep elf pyromancer (Elf:2)
  An ironbound convoker (Desolation)
  A moth of wrath (Zot:3)
  A yaktaur (Vaults:4)
  A water elemental (Elf:1)
  2 spriggans (Depths:2)
  A human (Spider:1)
  A small abomination (Depths:4)
  2 orc wizards (Orc:2)
  A fire vortex (Swamp:1)
  1928 foxfires
  3 spectral weapons
2145 creatures vanquished.

Grand Total: 4389 creatures vanquished

Table legend:
 A = Non-vault XP
 B = Vault XP
 C = Vault XP percentage of total XP
 D = Non-vault monster count
 E = Vault monster count
 F = Vault count percentage of total count
                 A         B        C        D         E       F
            +---------+---------+-------+---------+---------+-------
      Total |  703250 |  670373 |  48.8 |    1353 |     838 |  38.2
            +---------+---------+-------+---------+---------+-------
        D:1 |      37 |      11 |  22.9 |      22 |       5 |  18.5
        D:2 |      67 |     260 |  79.5 |      24 |       9 |  27.3
        D:3 |      71 |       0 |   0.0 |      26 |       0 |   0.0
        D:4 |     142 |       9 |   6.0 |      12 |       4 |  25.0
        D:5 |     858 |     267 |  23.7 |      26 |       1 |   3.7
        D:6 |     880 |     405 |  31.5 |      24 |       3 |  11.1
        D:7 |     721 |    1133 |  61.1 |      13 |       4 |  23.5
        D:8 |     519 |    3772 |  87.9 |      13 |      16 |  55.2
        D:9 |    4124 |       0 |   0.0 |      31 |       0 |   0.0
       D:10 |    1962 |    2006 |  50.6 |      23 |       4 |  14.8
       D:11 |    5850 |       0 |   0.0 |      27 |       0 |   0.0
       D:12 |    2660 |       0 |   0.0 |       6 |       0 |   0.0
       D:13 |    6255 |    6264 |  50.0 |      14 |      10 |  41.7
       D:14 |    5387 |       0 |   0.0 |      12 |       0 |   0.0
       D:15 |    9144 |    5824 |  38.9 |      18 |      10 |  35.7
     Lair:1 |    4461 |    3871 |  46.5 |      18 |       8 |  30.8
     Lair:2 |    8174 |     873 |   9.6 |      39 |       1 |   2.5
     Lair:3 |   13656 |    3349 |  19.7 |      41 |      10 |  19.6
     Lair:4 |    6606 |    1883 |  22.2 |      15 |       2 |  11.8
     Lair:5 |    6598 |   12335 |  65.2 |      15 |      37 |  71.2
    Swamp:1 |   12037 |    3343 |  21.7 |      25 |       4 |  13.8
    Swamp:2 |   17049 |       0 |   0.0 |      36 |       0 |   0.0
    Swamp:3 |   14868 |     999 |   6.3 |      27 |       6 |  18.2
    Swamp:4 |   12654 |    8085 |  39.0 |      23 |      29 |  55.8
   Spider:1 |   13892 |    1828 |  11.6 |      36 |       3 |   7.7
   Spider:2 |   13553 |    2558 |  15.9 |      31 |       2 |   6.1
   Spider:3 |   14602 |    8422 |  36.6 |      28 |       7 |  20.0
   Spider:4 |    9373 |   16934 |  64.4 |      23 |      34 |  59.6
    Slime:1 |    4840 |       0 |   0.0 |       7 |       0 |   0.0
    Slime:2 |    6329 |       0 |   0.0 |       9 |       0 |   0.0
    Slime:3 |    7740 |       0 |   0.0 |      14 |       0 |   0.0
    Slime:4 |    5057 |       0 |   0.0 |       9 |       0 |   0.0
    Slime:5 |   11022 |   26261 |  70.4 |      27 |      19 |  41.3
      Orc:1 |    8022 |       0 |   0.0 |      38 |       0 |   0.0
      Orc:2 |    5064 |   11779 |  69.9 |      46 |      46 |  50.0
      Elf:1 |    8438 |    8570 |  50.4 |      13 |      16 |  55.2
      Elf:2 |   15972 |    6913 |  30.2 |      27 |       9 |  25.0
      Elf:3 |   17314 |   43057 |  71.3 |      28 |      47 |  62.7
   Vaults:1 |   26612 |   16102 |  37.7 |      41 |      23 |  35.9
   Vaults:2 |   27921 |   30619 |  52.3 |      47 |      39 |  45.3
   Vaults:3 |   28678 |   27536 |  49.0 |      47 |      36 |  43.4
   Vaults:4 |   16819 |   27843 |  62.3 |      23 |      37 |  61.7
   Vaults:5 |   44731 |   95394 |  68.1 |      56 |      89 |  61.4
   Depths:1 |   22602 |    7943 |  26.0 |      26 |      10 |  27.8
   Depths:2 |   47005 |   14555 |  23.6 |      55 |      18 |  24.7
   Depths:3 |   35969 |   65233 |  64.5 |      42 |      56 |  57.1
   Depths:4 |   36738 |   26349 |  41.8 |      42 |      34 |  44.7
      Zot:1 |   20585 |    4290 |  17.2 |      16 |       2 |  11.1
      Zot:2 |   46988 |   18869 |  28.7 |      36 |      13 |  26.5
      Zot:3 |   19339 |    9895 |  33.8 |      18 |       7 |  28.0
      Zot:4 |   30786 |   19075 |  38.3 |      21 |      11 |  34.4
      Zot:5 |   22479 |   89876 |  80.0 |      17 |      39 |  69.6
 Desolation |       0 |   31513 | 100.0 |       0 |      67 | 100.0
   Gauntlet |       0 |    4270 | 100.0 |       0 |      11 | 100.0
            +---------+---------+-------+---------+---------+-------

Skill      XL: |  1  2  3  4  5  6  7  8  9 10 11 12 13 14 15 16 17 18 19 20 21 22 23 24 25 26 27 |
---------------+----------------------------------------------------------------------------------+-----
Conjurations   | 2 3 4 5 7 9 11 16 17 21 | 21.0
Spellcasting   | 3 4 5 6 7 10 12 13 14 16 17 18 20 | 20.0
Fire Magic     | 4 5 6 |  6.0
Staves         | 12 14 | 14.0
Fighting       | 9 10 12 14 16 18 20 | 20.0
Armour         | 3 6 8 10 11 12 | 12.0
Dodging        | 3 4 6 8 10 | 10.0
Stealth        | 5 6 |  6.0
Invocations    | 7 10 12 14 | 14.0
Evocations     | 4 6 |  6.0
Translocations | 2 6 7 11 12 14 | 14.0
Summonings     | 10 14 15 16 17 18 19 | 19.0
Hexes          | 5 6 |  6.0
Transmutations | 6 |  6.0
Shields        | 2 10 | 10.0

Action                     |  1- 3 |  4- 6 |  7- 9 | 10-12 | 13-15 | 16-18 | 19-21 | 22-24 | 25-27 || total
---------------------------+-------+-------+-------+-------+-------+-------+-------+-------+-------++-------
  Melee: Unarmed           |     5 |       |       |       |       |       |       |       |       ||     5
         Dagger            |    26 |    21 |    26 |       |       |       |       |       |       ||    73
         Short sword       |     2 |       |       |       |       |       |       |       |       ||     2
         Punch             |     1 |       |       |       |       |       |       |       |       ||     1
         Quarterstaff      |       |       |     6 |   314 |   954 |   914 |   598 |   560 |   210 ||  3556
         Whip              |       |       |       |       |       |       |       |       |   197 ||   197
  Throw: Dart              |       |       |     3 |       |       |       |       |       |       ||     3
   Cast: Foxfire           |    66 |   117 |    47 |   153 |   257 |   498 |     3 |       |       ||  1141
         Scorch            |     2 |     8 |    17 |    66 |    46 |    70 |     4 |       |       ||   213
         Searing Ray       |       |       |       |     1 |     2 |     1 |       |       |       ||     4
         Malign Gateway    |       |       |       |       |     1 |       |    27 |    65 |   108 ||   201
         Iskenderun's Myst |       |       |       |       |       |     8 |       |       |       ||     8
         Passage of Golubr |       |       |       |       |       |     3 |       |       |     5 ||     8
         Fire Storm        |       |       |       |       |       |     1 |       |       |       ||     1
         Orb of Destructio |       |       |       |       |       |   193 |   170 |   129 |    30 ||   522
         Spellforged Servi |       |       |       |       |       |     8 |    96 |    86 |    66 ||   256
         Summon Cactus Gia |       |       |       |       |       |       |    47 |    33 |       ||    80
         Dispersal         |       |       |       |       |       |       |     1 |     1 |     7 ||     9
         Yara's Violent Un |       |       |       |       |       |       |       |     1 |       ||     1
         Monstrous Menager |       |       |       |       |       |       |       |    28 |    92 ||   120
         Irradiate         |       |       |       |       |       |       |       |     3 |       ||     3
         Maxwell's Capacit |       |       |       |       |       |       |       |       |     2 ||     2
         Summon Horrible T |       |       |       |       |       |       |       |       |    21 ||    21
 Invoke: Divine Exegesis   |       |       |       |       |     1 |     1 |       |       |     2 ||     4
         Channel Magic     |       |       |       |       |       |     3 |     3 |     6 |     9 ||    21
  Evoke: Wand              |       |       |       |    16 |    12 |    10 |     8 |     2 |     4 ||    52
         Lightning rod     |       |       |       |       |     7 |    12 |     3 |       |     2 ||    24
         Phantom mirror    |       |       |       |       |     1 |     4 |       |     1 |     3 ||     9
    Use: Scroll            |       |     4 |     2 |    13 |    10 |    11 |     5 |    13 |    15 ||    73
         Potion            |       |       |     3 |       |     6 |     4 |       |     5 |    25 ||    43
   Stab: Paralysed         |       |       |       |     2 |     4 |     3 |     2 |       |     5 ||    16
         Sleeping          |       |       |       |     1 |     2 |     6 |     2 |       |       ||    11
         Confused          |       |       |       |       |       |     2 |       |       |       ||     2
         Distracted        |       |       |       |       |       |     1 |     9 |     6 |    14 ||    30
 Armour: Robe              |    26 |     6 |       |       |       |       |       |       |       ||    32
         Ring mail         |       |    10 |    36 |   150 |   418 |   747 |   386 |   439 |   413 ||  2599
         Leather armour    |       |     7 |       |       |       |       |       |       |       ||     7
  Dodge: Dodged            |    42 |    24 |    25 |   117 |   405 |   527 |   279 |   307 |   328 ||  2054
  Block: Other             |       |       |       |    26 |   165 |   211 |   121 |   113 |    31 ||   667
         Reflection        |       |       |       |     1 |     9 |    11 |    25 |    10 |     4 ||    60
         Buckler           |       |       |       |       |       |       |       |       |   224 ||   224

Illustrated notes

Table legend:
 A = Kills in this place as a percentage of kills in the entire game.
 B = Kills by you in this place as a percentage of kills by you in the entire game.
 C = Kills by friends in this place as a percentage of kills by friends in the entire game.
 D = Other kills in this place as a percentage of other kills in the entire game.
 E = Experience gained in this place as a percentage of experience gained in the entire game.
 F = Experience gained in this place divided by the number of levels of this place that you have seen.
                   A       B       C       D       E      F
               +-------+-------+-------+-------+-------+----------------------
         Total | 100.0 | 100.0 | 100.0 | 100.0 | 100.0 | 24802.1
       Dungeon |  16.4 |  25.0 |   1.0 |   0.0 |   4.7 | 4334.3
          Lair |   8.4 |  13.1 |   0.1 |   0.0 |   4.4 | 12361.2
         Swamp |   6.8 |  10.5 |   0.1 |   5.9 |   5.0 | 17258.8
   Spider Nest |   7.4 |  11.4 |   0.3 |   5.9 |   5.8 | 20290.5
    Slime Pits |   3.9 |   0.8 |   9.5 |   0.0 |   4.4 | 12249.8
  Orcish Mines |   5.9 |   8.9 |   0.5 |   0.0 |   1.8 | 12432.5
   Elven Halls |   6.4 |   4.4 |   9.6 |  23.5 |   7.2 | 33421.3
        Vaults |  19.9 |  14.6 |  29.5 |  23.5 |  24.6 | 68451.0
        Depths |  13.1 |   7.3 |  23.6 |  17.6 |  19.0 | 65931.5
           Zot |   8.2 |   1.8 |  19.9 |  17.6 |  20.4 | 56751.4
    Desolation |   3.0 |   1.6 |   5.6 |   5.9 |   2.3 | 31513.0
      Gauntlet |   0.5 |   0.6 |   0.3 |   0.0 |   0.3 | 4270.0
               +-------+-------+-------+-------+-------+----------------------

Table legend: (Time is in decaauts)
 A = Elapsed time spent in this place.
 B = Non-inter-level travel time spent in this place.
 C = Inter-level travel time spent in this place.
 D = Time resting spent in this place.
 E = Time spent auto-exploring this place.
 F = Levels seen in this place.
 G = Mean time per level.
                   A        B        C        D        E       F      G
               +--------+--------+--------+--------+--------+-----+--------+
         Total |  91189 |  84746 |   6443 |  21920 |  44827 |  56 | 1628.4 |
       Dungeon |  19398 |  17224 |   2174 |   2088 |  12056 |  15 | 1293.2 |
        Temple |     48 |     41 |      7 |      0 |     12 |   1 |   48.0 |
          Lair |   8468 |   7509 |    959 |   1153 |   5165 |   5 | 1693.6 |
         Swamp |   6962 |   6595 |    367 |   2212 |   3293 |   4 | 1740.5 |
   Spider Nest |   8248 |   7803 |    445 |   2770 |   3789 |   4 | 2062.0 |
    Slime Pits |   1995 |   1933 |     62 |    793 |    135 |   5 |  399.0 |
  Orcish Mines |   2606 |   2285 |    321 |    620 |   1018 |   2 | 1303.0 |
   Elven Halls |   5957 |   5662 |    295 |   1447 |   3009 |   3 | 1985.7 |
        Vaults |  14816 |  14041 |    775 |   4144 |   6679 |   5 | 2963.2 |
         Crypt |      1 |      1 |      0 |      0 |      0 |   1 |    1.0 |
        Depths |  11218 |  10585 |    633 |   2463 |   5914 |   4 | 2804.5 |
           Zot |   8887 |   8487 |    400 |   3269 |   2892 |   5 | 1777.4 |
    Desolation |   1745 |   1745 |      0 |    511 |    617 |   1 | 1745.0 |
      Gauntlet |    835 |    835 |      0 |    448 |    248 |   1 |  835.0 |
               +--------+--------+--------+--------+--------+-----+--------+

Top non-repeatable levels by time:
Depths:3: 4677 daAuts
Vaults:5: 3423 daAuts
Vaults:1: 3319 daAuts
Vaults:2: 3216 daAuts
Depths:2: 2943 daAuts
Vaults:3: 2867 daAuts
   Elf:3: 2811 daAuts
Spider:3: 2587 daAuts
  Lair:3: 2365 daAuts
 Swamp:4: 2217 daAuts
Spider:2: 2086 daAuts
Vaults:4: 1989 daAuts
 Swamp:3: 1987 daAuts
Depths:1: 1953 daAuts
Spider:4: 1904 daAuts
